 Dungeon Crawl Stone Soup version 0.32-a0-422-g28b100f618 (webtiles) character file.

Game seed: 15516678417541285380

1970511 Flugkiller the Dwarven Barricade (level 26, 246/246 (261) HPs)
             Began as a Mountain Dwarf Chaos Knight on Feb 21, 2024.
             Was a Favourite Plaything of Xom.
             Escaped with the Orb
             ... and 3 runes
             ... and 1 gem (0 intact)!
             The game lasted 01:31:00 (55306 turns).

Flugkiller the Dwarven Barricade (MDCK)            Turns: 55306, Time: 01:31:01

HP:   246/246 (261) AC: 49    Str: 26 (27) XL:     26   Next: 28%
MP:   16/16         EV: 25    Int: 17      God:    Xom [......]
Gold: 6642          SH: 28    Dex: 18 (19) Spells: 25/25 levels left

rFire   + . .        x - +8 broad axe (vamp)
rCold   + . .        P - +2 tower shield
rNeg    . . .        r - +6 gold dragon scales
rPois   +            c - +2 hat
rElec   +            V - +3 cloak of the Comet {Str+2}
rCorr   .            K - +2 pair of gloves {Dex+3}
SInv    .            k - +2 pair of boots "Yruidd" {-Cast rElec rPois Str+5}
Will    +++..        i - amulet of regeneration Stlth
                     u - +5 ring of evasion
HPRegen 2.21/turn    v - +5 ring of evasion
MPRegen 0.15/turn

%: no spellcasting
@: drained
A: runic magic, artefact enchanting, horns 1, iridescent scales 2, camouflage 1,
agile 2, clever 1, deterioration 1, low MP 3, strong-willed 1, mutation
resistance 1, regeneration 1, weak 1, no potion heal 1, subdued magic 2,
MP-powered wands, sturdy frame 1, noise suppression
0: Orb of Zot
}: 3/15 runes: barnacled, silver, gossamer
a: Renounce Religion


You escaped.
You worshipped Xom.
You were a very special plaything of Xom.
You visited 9 branches of the dungeon, and saw 45 of its levels.
You also visited: Gauntlet, Volcano and Wizlab.

You collected 9565 gold pieces.
You spent 2923 gold pieces at shops.

Inventory:

Hand Weapons
 x - a +8 vampiric broad axe (weapon)
   (You took it off a tengu warrior on level 15 of the Dungeon)
Missiles
 e - 7 throwing nets (quivered)
 X - 15 curare-tipped darts
Armour
 c - a +2 hat (worn)
   (You found it on level 4 of the Spider Nest)
 k - the +2 pair of boots "Yruidd" (worn) {-Cast rElec rPois Str+5}
   (You bought it in a shop on level 2 of the Orcish Mines)

   Str+5:     It affects your strength (+5).
   rElec:     It insulates you from electricity.
   rPois:     It protects you from poison -Cast: It prevents spellcasting.
 r - +6 gold dragon scales (worn)
   (You found it on level 4 of the Depths)
 s - the +1 pair of gloves "Luelan" {rPois rC- Will++ MP+9}
   (You found it on level 2 of the Dungeon)

   rC-:       It makes you vulnerable to cold.
   rPois:     It protects you from poison Will++: It greatly increases your
   willpower.
   MP+9:      It affects your magic capacity (+9).
 C - a +2 pair of gloves
   (You bought it in a shop on level 2 of the Orcish Mines)
 K - a +2 pair of gloves of dexterity (worn)
   (You found it in a Gauntlet)
 P - a +2 tower shield (worn)
   (You took it off a vault guard on level 4 of the Vaults)
 V - the +3 cloak of the Comet (worn) {Str+2}
   (You found it on level 13 of the Dungeon)

   Str+2:     It affects your strength (+2).
 W - a +2 helmet of intelligence
   (You found it in a volcano)
Jewellery
 i - an amulet of regeneration (around neck)
   (You found it on level 2 of the Dungeon)
 m - a ring of willpower
   (You took it off a vampire knight on level 4 of the Depths)
 p - a ring of protection from fire
   (You found it on level 10 of the Dungeon)
 u - a +5 ring of evasion (left hand)
   (You took it off a spriggan on level 5 of the Lair of Beasts)
 v - a +5 ring of evasion (right hand)
   (You took it off Erica on level 9 of the Dungeon)
 J - the amulet "Hayfof" {Spirit Rampage rF+ Str-3}
   (You found it on level 14 of the Dungeon)

   [amulet of guardian spirit]

   Spirit:    It causes incoming damage to be divided between your reserves of
   health and magic.
   Str-3:     It affects your strength (-3).
   rF+:       It protects you from fire.
   Rampage:   It bestows one free step when moving towards enemies.
 L - the ring "Oroxto" {rElec rC+ rN+}
   (You found it on level 5 of the Vaults)

   [ring of protection from cold]

   rC+:       It protects you from cold.
   rElec:     It insulates you from electricity.
   rN+:       It protects you from negative energy.
Wands
 o - a wand of digging (11)
   (You bought it in a shop on level 2 of the Orcish Mines)
 E - a wand of paralysis (36)
   (You found it on level 5 of the Dungeon)
 N - a wand of mindburst (4)
   (You found it on level 4 of the Spider Nest)
 O - a wand of roots (19)
   (Xom gifted it to you on level 9 of the Dungeon)
 T - a wand of acid (2)
   (You found it in a Gauntlet)
Scrolls
 f - 8 scrolls of poison
 g - 14 scrolls of fear
 t - 7 scrolls of teleportation
 y - 6 scrolls of immolation
 G - 13 scrolls of vulnerability
 H - 2 scrolls of revelation
 Q - 3 scrolls of fog
 Y - a scroll of silence
Potions
 a - 6 potions of enlightenment
 l - 4 potions of cancellation
 n - 2 potions of resistance
 q - 9 potions of curing
 A - 9 potions of attraction
 B - 6 potions of mutation
 F - 3 potions of magic
 M - a potion of ambrosia
 S - 8 potions of invisibility
Miscellaneous
 I - a box of beasts
   (You found it on level 5 of the Vaults)
 R - a phial of floods
   (You found it on level 5 of the Vaults)
 U - a tin of tremorstones (2/2)
   (You found it in a Gauntlet)


   Skills:
 + Level 26.0 Fighting
 - Level 17.6(18.0) Axes
 - Level 6.0(12.9) Maces & Flails
 + Level 23.4 Armour
 - Level 15.0 Dodging
 O Level 27 Shields
 + Level 15.1 Evocations


You had 25 spell levels left.
You didn't know any spells.
Your spell library contained the following spells:

 Spells                   Type           Power      Damage    Failure   Level
 Apportation              Tloc           0%         N/A       28%         1
 Necrotise                Necr           0%         1d4       28%         1
 Slow                     Hex            0%         N/A       28%         1
 Summon Small Mammal      Summ           0%         N/A       28%         1
 Blink                    Tloc           0%         N/A       41%         2
 Ensorcelled Hibernation  Hex/Ice        0%         N/A       41%         2
 Jinxbite                 Hex            0%         N/A       41%         2
 Lesser Beckoning         Tloc           0%         N/A       41%         2
 Mercury Vapours          Alch/Air       0%         N/A       41%         2
 Momentum Strike          Conj/Tloc      0%         3d8       41%         2
 Scorch                   Fire           0%         2d5       41%         2
 Call Canine Familiar     Summ           0%         N/A       65%         3
 Confusing Touch          Hex            0%         N/A       65%         3
 Inner Flame              Hex/Fire       0%         N/A       65%         3
 Mephitic Cloud           Conj/Alch/Air  0%         N/A       65%         3
 Passwall                 Erth           0%         N/A       65%         3
 Sigil of Binding         Hex            0%         N/A       65%         3
 Summon Ice Beast         Ice/Summ       0%         N/A       65%         3
 Swiftness                Air            0%         N/A       65%         3
 Vampiric Draining        Necr           0%         2d6       65%         3
 Volatile Blastmotes      Fire/Tloc      0%         2d10      65%         3
 Anguish                  Hex/Necr       0%         N/A       97%         4
 Animate Armour           Summ/Erth      0%         N/A       97%         4
 Animate Dead             Necr           0%         N/A       97%         4
 Flame Wave               Conj/Fire      0%         2d4       97%         4
 Fulminant Prism          Conj/Alch      0%         3d5       97%         4
 Ignite Poison            Fire/Alch      0%         N/A       97%         4
 Iskenderun's Mystic Bla  Conj/Tloc      0%         2d3       97%         4
 Martyr's Knell           Necr/Summ      0%         N/A       97%         4
 Sticky Flame             Fire/Alch      0%         2d4       97%         4
 Summon Blazeheart Golem  Fire/Summ      0%         N/A       97%         4
 Summon Lightning Spire   Summ/Air       0%         N/A       97%         4
 Vhi's Electric Charge    Tloc/Air       0%         N/A       97%         4
 Alistair's Intoxication  Alch           0%         N/A       100%        5
 Arcjolt                  Conj/Air       0%         1d10      100%        5
 Borgnjor's Vile Clutch   Necr/Erth      0%         N/A       100%        5
 Fireball                 Conj/Fire      0%         3d3       100%        5
 Freezing Cloud           Conj/Ice/Air   0%         6-21      100%        5
 Irradiate                Conj/Alch      0%         3d11      100%        5
 Iskenderun's Battlesphe  Conj           0%         2d6       100%        5
 Lee's Rapid Deconstruct  Erth           0%         3d4*      100%        5
 Metabolic Englaciation   Hex/Ice        0%         N/A       100%        5
 Summon Mana Viper        Hex/Summ       0%         N/A       100%        5
 Bombard                  Conj/Erth      0%         9d1       100%        6
 Death Channel            Necr           0%         N/A       100%        6
 Plasma Beam              Fire/Air       0%         2x1d10    100%        6
 Summon Cactus Giant      Summ           0%         N/A       100%        6
 Haunt                    Necr/Summ      0%         N/A       100%        7
 Monstrous Menagerie      Summ           0%         N/A       100%        7
 Orb of Destruction       Conj           0%         9d5       100%        7
 Spellforged Servitor     Conj/Summ      0%         N/A       100%        7
 Borgnjor's Revivificati  Necr           0%         N/A       100%        8
 Ignition                 Fire           0%         3d3       100%        8
 Infestation              Necr           0%         N/A       100%        8


Dungeon Overview and Level Annotations

Branches:
Dungeon (15/15)            Temple (0/1) D:7            Lair (5/5) D:9
 Shoals (4/4) Lair:2       Spider (4/4) Lair:3        Slime (0/5) Lair:5
    Orc (2/2) D:10            Elf (1/3) Orc:2        Vaults (5/5) D:14
  Crypt (0/3) Vaults:2     Depths (4/4) D:15            Zot (5/5) Depths:4
Volcano (visited)          WizLab (visited)         Gauntlet (visited)

Altars:
Ashenzari
Elyvilon
Fedhas
Gozag
Nemelex Xobeh
Qazlal
Ru
Uskayaw
Vehumet
Xom
Zin
The Shining One
Beogh
Jiyva
Lugonu

Shops:
D:9 *   D:14 [   Orc:1 *!   Orc:2 [=*(*   Shoals:2 *:((   Vaults:2 (
Vaults:4 [   Depths:1 *   Depths:2 *   Depths:4 *

Portals:
Hell: Depths:1 Depths:2 Depths:3 Depths:4
Abyss: Lair:5 Depths:3
Pandemonium: Depths:2
Ziggurat: Depths:3

Annotations:
D:2 1 runed translucent door, Crazy Yiuf
D:12 2 transporters, Uloyruha's ghost, journeyman HuCj
D:14 3 runed translucent doors, Xeapikeu's ghost, adept TeAE
Lair:5 exclusion: 2 oklob plants
Shoals:1 1 runed translucent door, Agetab's ghost, adept DECj
Shoals:2 2 transporters, Goeskeom's ghost, adept OnEE
Depths:4 3 runed translucent doors, exclusion: 3 doors, nago's ghost, veteran CoGl
Zot:2 exclusions: 2 draconian scorchers and 2 draconian stormcallers


Innate Abilities, Weirdness & Mutations

Your spellcasting is much less encumbered by armour.
You can use scrolls of enchantment on lesser artefacts.
You have a pair of small horns on your head.
You are mostly covered in iridescent scales. (AC +4)
Your skin changes colour to match your surroundings (Stealth+).
You are very agile. (Dex +8, Str/Int -2)
Your mind is acute. (Int +4, Str/Dex -1)
Your body sometimes deteriorates upon taking damage.
Your magical capacity is extremely low. (-30% MP)
You are strong-willed. (Will+)
You are somewhat resistant to further mutation.
Your natural rate of healing is unusually fast.
You are weak. (Str -2)
Potions are less effective at restoring your health.
Your spells are easier to cast, but less powerful.
You expend magic power (3 MP) to strengthen your wands.
Your movements are slightly less encumbered by armour. (ER -2)
You passively dampen the noise of your surroundings.


Message History

The rakshasa is heavily wounded.
The rakshasa completely misses you.
You slice the rakshasa!! Your headbutt misses the rakshasa.
The rakshasa is almost dead.
You hit the rakshasa. Your headbutt misses the rakshasa.
The rakshasa is almost dead.
The injured rakshasa weaves a defensive illusion!
The rakshasa completely misses you.
You hit the rakshasa.
You kill the rakshasa!
The rakshasa shimmers and vanishes!
The rakshasa gestures at you. The lance of force misses you.
The rakshasa blinks!
The rakshasa hits you but does no damage.
You hit the rakshasa.
You kill the rakshasa!
The rakshasa shimmers and vanishes!
Okay, then.
Zameum comes into view.
Zameum howls, "Face thy fugue, thou tasty repast!"
The rakshasa weaves an illusion.
Zameum moves out of view.
You slice the rakshasa!!
You kill the rakshasa!
Zameum shimmers and vanishes!
An orange demon comes into view.
Things that are here:
a +0 long sword; a +0 robe
Press: ? - help, v - describe, . - travel
Here: Zameum The floor.
Unknown command.
Xom's power touches on a nearby monster.
Zameum's appearance momentarily alters.
Zameum gestures at you. You block the iron shot.
Zameum is knocked back by the blast.
You block the orange demon's attack. You block the orange demon's attack.
The orange demon hits you but does no damage.
You closely miss the orange demon. You headbutt the orange demon!
The orange demon is moderately wounded.
Zameum gestures at you.
The howling sorrow hits the orange demon.
The orange demon completely resists.
The howling sorrow hits you. The orange demon barely misses you.
You block the orange demon's attack.
You are engulfed in excruciating misery.
You block the orange demon's attack.
Things that are here:
+0 steam dragon scales; a steam dragon corpse "Suffer!"
You feel clumsy. Zameum gestures at you.
The howling sorrow hits the orange demon.
The orange demon completely resists.
The howling sorrow hits you.
You are engulfed in excruciating misery.
Your body deteriorates!
You feel weakened.
The orange demon attacks as it pursues you!
The orange demon misses you. Zameum gestures at you.
The howling sorrow hits the orange demon.
The orange demon completely resists.
The howling sorrow hits you.
You are engulfed in excruciating misery.
There is a stone staircase leading up here.
You block the orange demon's attack.
You climb upwards.
There is a stone staircase leading down here.
What level of the Dungeon? (default 1, ? - help) HP restored.
There is a stone staircase leading up here.
You climb upwards.
There is a stone staircase leading down here.
There is a stone staircase leading up here.
You climb upwards.
There is a stone staircase leading down here.
You see here the +1 leather armour of Geile {Rampage rC+}.
A smoke demon comes into view.
The smoke demon roars!
Unknown command.
There is a stone staircase leading up here.
You climb upwards.
There is a stone staircase leading down here.
There is a stone staircase leading up here.
You climb upwards.
Level annotation: 1 runed translucent door, Crazy Yiuf
There is a stone staircase leading down here.
You open the door.
There is an open door here.
There is an open door here.
There is a stone staircase leading up here.
You climb upwards.
There is a stone staircase leading down here.
There is an empty arch of ancient stone here.
There is a staircase leading out of the dungeon here.
Press: ? - help, v - describe, . - travel A staircase leading out of the dungeon.
This square is covered in magical glow.
Unknown command.
Enter note: gg You have escaped!

#####.#####.###...# #.# #.#
........[.....#.### #.# #.#
......#####.#.#.# #.### #.#
###.### #####.# #...# #.# #.#
######♣♣### ###.# #.#
#.###........~# #.# #.#
#.##...♣......## #.# #.#
#..∩...........## #####.###.#
#.##..........@.###.........#
##)#....[........##.###.#####
#.#.....♣.......##.# #.#
#.#............♣##.# #.#
####......[.....##.# #.####
#.∩............#..# #....#
###............#### ####.#
#...........♣..# #.#
######.....⌠......♣# #.#


There were no monsters in sight!

Vanquished Creatures
  3 dread liches
  12 orbs of fire
  3 ancient liches (Vaults:5)
  Vv (Zot:3)
  4 Killer Klowns
  3 caustic shrikes (Depths:4)
  5 curse toes
  9 golden dragons
  Jory (Depths:4)
  4 bone dragons (Depths:4)
  A Tzitzimitl (Depths:4)
  5 electric golems
  2 doom hounds (Depths:4)
  A hellephant (Zot:5)
  12 tentacled monstrosities
  A Hell Sentinel (Zot:1)
  Grunn (Depths:4)
  9 titans
  25 Orb Guardians (Zot:5)
  Asterion (Elf:1)
  5 quicksilver dragons
  A lich (Depths:1)
  7 sphinxes
  A walking earthen tome (Depths:1)
  An Executioner (Zot:1)
  11 death cobs
  2 krakens
  Kirke (Lair:5)
  Roxanne (D:14)
  15 shadow dragons
  17 storm dragons
  9 tengu reavers
  Donald (Shoals:1)
  11 fire giants
  6 draconian knights
  3 iron dragons
  9 draconian shifters
  8 draconian monks
  6 protean progenitors
  6 frost giants
  23 vault wardens
  4 draconian scorchers
  5 emperor scorpions
  2 angels (WizLab)
  8 ghost moths
  A reaper (Depths:4)
  A balrug (Depths:1)
  7 draconian stormcallers
  An orc warlord (Vaults:2)
  5 draconian annihilators
  3 broodmothers
  20 ironbound preservers
  15 stone giants
  20 very ugly things
  3 vampire knights
  3 deep elf demonologists
  9 green draconians
  A putrid mouth (Depths:4)
  14 black draconians
  8 ironbound thunderhulks
  6 deep elf death magi
  A minotaur (Gauntlet)
  4 war gargoyles
  The ghost of Raonuuvo the Imperceptible, a journeyman VSBr of Dithmenos (Orc:1)
  A bunyip (Depths:2)
  The ghost of Lurud the Fencer, a journeyman CoBe of Trog (D:13)
  3 spark wasps
  9 dire elephants
  16 red draconians
  14 purple draconians
  10 white draconians
  7 crystal guardians
  10 ettins
  7 yellow draconians
  6 merfolk javelineers
  7 fire dragons
  11 merfolk impalers
  14 yaktaur captains
  A deep elf high priest (Vaults:4)
  5 entropy weavers
  7 great orbs of eyes
  4 salamander tyrants
  6 rakshasas
  6 hydras
  3 ogre magi (Vaults:5)
  A hell beast (Depths:2)
  11 peacekeepers
  Erolcha (D:13)
  A two-headed ogre (Orc:1)
  29 vault guards
  7 ice dragons
  4 jorogumos
  3 merfolk avatars
  7 ironbound frosthearts
  Erica (D:9)
  An alligator snapping turtle (Shoals:2)
  2 spriggan air magi (Depths:4)
  2 alligators (Zot:2)
  3 radroaches
  7 centaur warriors
  5 catoblepae
  6 boulder beetles
  4 dancing weapons (Elf:1)
  2 satyrs (Shoals:4)
  4 merfolk aquamancers
  10 deep troll shamans
  A titan zombie (Vaults:4)
  9 death scarabs (Spider:4)
  A vampire mage (Vaults:2)
  5 tengu warriors
  10 deep troll earth magi
  7 death yaks
  7 demonic crawlers
  6 hell hogs
  A spectral emperor scorpion (Spider:4)
  An occultist (D:12)
  4 orc high priests (Orc:2)
  4 thrashing horrors (Lair:5)
  4 spriggan berserkers
  4 deep elf knights (Elf:1)
  6 skysharks
  A soul eater (Depths:1)
  2 sun demons (Depths:1)
  9 hell knights
  A salamander mystic (Depths:4)
  2 fire crabs
  4 skeletal warriors
  7 pharaoh ants
  A fire crab (shapeshifter) (Spider:4)
  12 iron trolls
  2 large abominations
  12 orb spiders
  13 sea snakes
  51 deep trolls
  2 glowing orange brains
  2 sun moths
  4 arcanists
  6 phantasmal warriors
  An orb spider (shapeshifter) (Depths:2)
  3 deep elf archers (Elf:1)
  2 spriggan druids (Depths:2)
  A wolf spider zombie (Spider:4)
  2 lightning spires (WizLab)
  3 spectral wolf spiders (Spider:4)
  6 steelbarb worms
  16 ironbound convokers
  12 lindwurms
  3 necromancers
  13 orc knights
  48 ugly things
  25 harpies
  10 deep elf zephyrmancers (Elf:1)
  6 fauns (Shoals:1)
  12 deep elf pyromancers
  22 wolf spiders
  4 orc sorcerers (Orc:1)
  29 moths of wrath
  6 salamanders
  3 human skeletons
  2 human zombies (Vaults:4)
  4 kobold blastminers (Orc:2)
  8 cyclopes
  16 manticores
  3 black mambas
  5 water nymphs
  7 elephants (Lair:5)
  9 merfolk sirens
  A rust devil (Zot:4)
  6 meliai
  2 molten gargoyles
  22 vault sentinels
  4 smoke demons
  6 gargoyles (WizLab)
  9 cane toads
  6 kobold demonologists
  3 torpor snails
  49 yaktaurs
  A tormentor (Depths:4)
  6 spectral redbacks (Spider:4)
  2 efreet
  A redback zombie (Spider:4)
  2 rime drakes (Lair:3)
  8 komodo dragons
  A tengu conjurer (D:15)
  34 merfolk
  A polar bear (shapeshifter) (D:14)
  8 trolls
  A merfolk (shapeshifter) (Vaults:5)
  A queen bee (shapeshifter) (D:15)
  7 wind drakes
  6 polar bears
  A jumping spider zombie (Spider:4)
  26 tarantellas
  A raiju (shapeshifter) (D:14)
  3 hornets
  2 spectral tarantellas (Spider:4)
  Grinder (D:5)
  A tarantella zombie (Spider:4)
  2 spectral jumping spiders (Spider:4)
  5 dream sheep
  15 snapping turtles
  2 raiju (Lair:5)
  24 blink frogs
  17 slime creatures
  A spectral culicivora (Spider:4)
  36 jumping spiders
  16 culicivoras
  2 glass eyes
  11 water elementals
  A spriggan (Lair:5)
  A ynoxinul (D:11)
  An air elemental (Elf:1)
  A shadow (D:11)
  A vampire (D:12)
  3 wraiths
  4 wyverns
  2 fire elementals (WizLab)
  10 fire bats
  A golden eye (shapeshifter) (Vaults:5)
  A hog (Lair:5)
  66 yaks
  8 basilisks
  2 wargs
  5 steam dragons
  67 redbacks
  4 vampire mosquitoes
  A warg (shapeshifter) (Lair:5)
  3 chaos spawn (Lair:5)
  A glowing shapeshifter zombie (Vaults:4)
  3 acid dragons
  A hell hound (Volcano)
  10 water moccasins
  An ogre skeleton (Vaults:3)
  A swamp drake (D:10)
  A black bear (Lair:4)
  26 orc warriors
  A sky beast (shapeshifter) (D:15)
  A laughing skull (Vaults:2)
  4 ogres
  2 sky beasts
  A tengu (Lair:3)
  16 wolves
  4 centaurs
  2 phantoms
  A kobold brigand (D:7)
  4 scorpions
  5 earth elementals
  A human simulacrum (Vaults:3)
  9 bullfrogs
  7 small abominations (Lair:5)
  12 wights
  6 killer bees (D:8)
  An electric eel (Lair:4)
  3 vampire bats (D:14)
  2 bombardier beetles (D:5)
  4 hounds
  A jelly (D:5)
  11 orc priests
  2 iguanas (D:6)
  16 orc wizards
  3 sleepcaps (D:6)
  Ijyb (D:5)
  8 gnolls
  5 adders
  2 white imps
  8 ufetubi (D:11)
  2 ribbon worms
  2 dart slugs
  50 orcs
  9 bats
  13 endoplasms
  3 giant cockroaches
  8 goblins
  3 hobgoblins
  2 quokkas
  7 ball pythons
  6 frilled lizards
  15 kobolds
  5 rats
  2 aspiring fleshes
  3 spectral weapons (Zot:5)
  5 tentacles
1987 creatures vanquished.

Vanquished Creatures (collateral kills)
  2 orbs of fire
  A Killer Klown (Zot:5)
  2 tentacled monstrosities
  A draconian annihilator (Zot:3)
  A very ugly thing (Shoals:2)
  A purple draconian (Zot:2)
  2 red draconians (Zot:5)
  A fire dragon (Depths:2)
  A merfolk javelineer (Shoals:4)
  3 merfolk impalers
  An entropy weaver (Spider:2)
  A vault guard (Vaults:5)
  An ice dragon (Depths:2)
  A deep troll shaman (Depths:2)
  A demonic crawler (Spider:2)
  A spriggan berserker (Depths:2)
  A pharaoh ant (Spider:2)
  An iron troll (Depths:2)
  A deep troll (Depths:2)
  A sea snake (Shoals:4)
  A deep elf zephyrmancer (Elf:1)
  2 orb spiders (Spider:1)
  A steelbarb worm (Spider:2)
  2 harpies (Shoals:1)
  A deep elf pyromancer (Elf:1)
  2 ugly things (Depths:2)
  2 wolf spiders (Spider:4)
  A merfolk siren (Shoals:2)
  A cyclops (D:11)
  A spectral redback (Spider:4)
  A kobold demonologist (D:11)
  2 merfolk (Shoals:4)
  2 tarantellas
  2 dream sheep (Shoals:4)
  A jumping spider (Spider:2)
  A ynoxinul (D:11)
  A culicivora (Spider:2)
  4 redbacks (Spider:2)
  A wight (D:7)
  A gnoll (D:2)
  An ufetubus (D:11)
  2 orcs (Orc:1)
58 creatures vanquished.

Vanquished Creatures (others)
  A titan (Vaults:5)
  2 draconian knights
  A frost giant (Depths:4)
  A ghost moth (Zot:2)
  2 draconian stormcallers (Zot:2)
  An ettin (Depths:4)
  A merfolk aquamancer (Shoals:4)
  A dancing weapon (Vaults:5)
  A sun demon (Depths:1)
  A moth of wrath (Spider:2)
  A jumping spider (Spider:1)
  An air elemental (Elf:1)
  A culicivora (Lair:3)
  A human (Lair:5)
  2 orcs
  14 tentacles
32 creatures vanquished.

Grand Total: 2077 creatures vanquished

Notes
Turn   | Place    | Note
-------+----------+-------------------------------------------
     0 | D:1      | Flugkiller the Mountain Dwarf Chaos Knight began the quest
                  | for the Orb.
     0 | D:1      | Reached XP level 1. HP: 19/19 MP: 1/1
    75 | D:1      | Reached XP level 2. HP: 21/26 MP: 2/2
   335 | D:1      | Reached XP level 3. HP: 28/33 MP: 3/3
   774 | D:2      | XOM: silly message
   875 | D:2      | XOM: summons 2 hostile demons
  1080 | D:2      | XOM: 1-stop teleportation journey
  1150 | D:2      | Reached XP level 4. HP: 17/40 MP: 4/4
  1297 | D:2      | Identified the +7 hammer of a bailey {flame, rElec rCorr
                  | Dex+4}
  1301 | D:2      | Found a runed translucent door.
  1302 | D:2      | Noticed Crazy Yiuf
  1365 | D:2      | XOM: give mutations
  1365 | D:2      | Gained mutation: You are resistant to electric shocks.
                  | (rElec) [Xom's grace]
  1365 | D:2      | Gained mutation: You are partially covered in iridescent
                  | scales. (AC +2) [Xom's grace]
  1601 | D:2      | Identified the +1 pair of gloves "Luelan" {rPois rC- Will++
                  | MP+9}
  1901 | D:3      | XOM: polymorph kobold -> dart slug
  1967 | D:3      | Reached XP level 5. HP: 47/47 MP: 5/5
  2012 | D:3      | XOM: 8-stop teleportation journey
  2120 | D:3      | Reached skill level 1 in Maces & Flails
  2142 | D:3      | XOM: scenery: create altars
  2144 | D:3      | Reached skill level 5 in Fighting
  2272 | D:3      | XOM: scenery: summon butterflies
  2367 | D:3      | Identified the +0 cloak of Leqihe {Harm +Blink rN+}
  2552 | D:4      | XOM: give mutations
  2552 | D:4      | Gained mutation: You are partially covered in large bone
                  | plates. (SH +4) [Xom's grace]
  2552 | D:4      | Gained mutation: You are strong-willed. (Will+) [Xom's
                  | grace]
  2552 | D:4      | Gained mutation: You possess an exceptional clarity of
                  | mind. [Xom's grace]
  2552 | D:4      | Gained mutation: You are mostly covered in iridescent
                  | scales. (AC +4) [Xom's grace]
  2745 | D:4      | Noticed a phantom
  2752 | D:4      | Killed a phantom
  2753 | D:4      | Reached XP level 6. HP: 57/57 MP: 6/6
  2928 | D:4      | Identified the +1 leather armour of Geile {Rampage rC+}
  3108 | D:4      | XOM: noise
  3778 | D:5      | Entered Level 5 of the Dungeon
  3808 | D:5      | XOM: polymorph black bear -> jelly
  3830 | D:5      | Noticed Ijyb
  3846 | D:5      | Killed Ijyb
  3847 | D:5      | Reached XP level 7. HP: 61/64 MP: 7/7
  4038 | D:5      | XOM: draining
  4056 | D:5      | XOM: give mutations
  4056 | D:5      | Gained mutation: Your muscles are strong. (Str +4, Int/Dex
                  | -1) [Xom's mischief]
  4056 | D:5      | Gained mutation: Your system is resistant to poisons.
                  | (rPois) [Xom's mischief]
  4096 | D:5      | Reached skill level 5 in Axes
  4159 | D:5      | XOM: 2-stop teleportation journey
  4164 | D:5      | Reached skill level 5 in Armour
  4335 | D:5      | Noticed Grinder
  4351 | D:5      | Killed Grinder
  4352 | D:5      | Reached XP level 8. HP: 73/74 MP: 8/8
  4552 | D:5      | XOM: butterfly on damage
  4608 | D:5      | XOM: summons 1 hostile shadow creature
  4609 | D:5      | Noticed a kobold demonologist
  4855 | D:6      | XOM: draining
  4923 | D:6      | Found a glowing silver altar of Zin.
  5014 | D:6      | XOM is BORED!
  5014 | D:6      | XOM: give mutation
  5014 | D:6      | Lost mutation: Your muscles are strong. (Str +4, Int/Dex
                  | -1) [Xom's mischief]
  5028 | D:6      | Found a glowing golden altar of the Shining One.
  5464 | D:7      | Reached XP level 9. HP: 82/83 MP: 9/9
  5533 | D:7      | XOM: give mutation
  5533 | D:7      | Gained mutation: Your magical capacity is low. (-10% MP)
                  | [Xom's mischief]
  5737 | D:7      | XOM: cloud trail
  5775 | D:7      | Found a sacrificial altar of Ru.
  5961 | D:7      | Found a staircase to the Ecumenical Temple.
  6000 | D:7      | XOM: enchant monster (good)
  6201 | D:7      | XOM: give mutations
  6201 | D:7      | Gained mutation: Your flesh is cold resistant. (rC+) [Xom's
                  | mischief]
  6201 | D:7      | Lost mutation: You are partially covered in large bone
                  | plates. (SH +4) [Xom's mischief]
  6201 | D:7      | Lost mutation: Your system is resistant to poisons. (rPois)
                  | [Xom's mischief]
  6201 | D:7      | Lost mutation: Your flesh is cold resistant. (rC+) [Xom's
                  | mischief]
  6243 | D:7      | Identified the +5 short sword "Concordance" {venom, *Slow
                  | Will+ Dex+4}
  6349 | D:7      | Found a broken altar of Ashenzari.
  6513 | D:8      | Found a stormy altar of Qazlal.
  6517 | D:8      | Found a blossoming altar of Fedhas.
  6526 | D:8      | Reached skill level 10 in Fighting
  6682 | D:8      | Found a sparkling altar of Nemelex Xobeh.
  6799 | D:8      | XOM: summons friendly ufetubus
  6895 | D:8      | Found an opulent altar of Gozag.
  6921 | D:8      | Found a shimmering altar of Xom.
  7051 | D:8      | XOM: give mutations
  7051 | D:8      | Gained mutation: You have supernaturally acute eyesight.
                  | (SInv) [Xom's grace]
  7051 | D:8      | Gained mutation: You are completely covered in iridescent
                  | scales. (AC +6) [Xom's grace]
  7122 | D:9      | Found a white marble altar of Elyvilon.
  7124 | D:9      | XOM: fog
  7134 | D:9      | Reached skill level 10 in Axes
  7152 | D:9      | You fall into a shaft and drop 2 floors!
  7191 | D:10     | Entered Level 10 of the Dungeon
  7192 | D:10     | Noticed a kobold demonologist
  7206 | D:10     | Killed a kobold demonologist
  7207 | D:10     | Reached XP level 10. HP: 94/94 MP: 9/9
  7238 | D:9      | Found Zenije's General Store.
  7269 | D:9      | Noticed Erica
  7270 | D:9      | XOM: potion effect (berserk rage)
  7280 | D:9      | Killed Erica
  7280 | D:9      | Found a staircase to the Lair.
  7280 | D:9      | XOM: 1-stop teleportation journey
  7727 | D:9      | XOM: god gift: wand of roots (4)
  8047 | D:10     | Found a staircase to the Orcish Mines.
  8151 | D:10     | XOM: polymorph yak -> swamp drake
  8153 | D:10     | XOM: summons friendly ufetubus
  8155 | D:10     | Reached skill level 1 in Evocations
  8174 | D:10     | XOM: 5-stop teleportation journey
  8254 | D:10     | XOM: confuse monster(s)
  8260 | D:10     | XOM: enchant monster (good)
  8277 | D:10     | XOM: smoke on damage
  8296 | D:10     | XOM: scenery: 1 doors open
  8523 | D:10     | XOM: scenery: summon butterflies
  8559 | D:10     | Found a radiant altar of Vehumet.
  8566 | D:10     | XOM: scenery: create altars
  8579 | D:10     | Reached XP level 11. HP: 105/105 MP: 9/9
  8769 | D:11     | XOM: cleaving
  8772 | D:11     | XOM: cleaving
  8778 | D:11     | XOM: 1-stop teleportation journey
  8817 | D:11     | Noticed a boulder beetle
  8837 | D:11     | Killed a boulder beetle
  8858 | D:11     | XOM: god gift: 32 gold pieces
  8884 | D:11     | XOM: potion effect (experience)
  8884 | D:11     | Reached skill level 15 in Axes
  8884 | D:11     | Reached XP level 12. HP: 104/113 MP: 10/10
  8885 | D:11     | Identified the +7 trident of Doors {flame, Will+ Str+3 SInv
                  | Stlth+}
  9039 | D:11     | XOM: draining
  9041 | D:11     | XOM: summons friendly iron imp
  9048 | D:11     | XOM: confuse monster(s)
  9239 | D:11     | XOM: summons 9 friendly demons
  9357 | D:9      | XOM: divination: magic mapping
  9389 | Lair:1   | Entered Level 1 of the Lair of Beasts
  9396 | Lair:1   | XOM: cleaving
  9427 | Lair:1   | Noticed a boulder beetle
  9438 | Lair:1   | a boulder beetle changed into a cane toad
  9438 | Lair:1   | XOM: polymorph boulder beetle -> cane toad
  9469 | Lair:1   | XOM: swap monsters
  9559 | Lair:1   | Found a gate leading to a gauntlet.
  9564 | Gauntlet | Entered a Gauntlet
  9564 | Gauntlet | Found a transporter.
  9564 | Gauntlet | Found a transporter.
  9569 | Gauntlet | Found a transporter.
  9569 | Gauntlet | Noticed a death scarab
  9584 | Gauntlet | Found a transporter.
  9598 | Gauntlet | Found a transporter.
  9611 | Gauntlet | Found a transporter.
  9614 | Gauntlet | Noticed a hell hog
  9702 | Gauntlet | Found a transporter.
  9717 | Gauntlet | Found a transporter.
  9731 | Gauntlet | Found a transporter.
  9744 | Gauntlet | Found a transporter.
  9747 | Gauntlet | Noticed a blizzard demon
  9760 | Gauntlet | Found a transporter.
  9789 | Gauntlet | XOM: silly message
  9827 | Gauntlet | Found a transporter.
  9837 | Gauntlet | Found a transporter.
  9845 | Gauntlet | Found a transporter.
  9847 | Gauntlet | Found a transporter.
  9871 | Gauntlet | Found a transporter.
  9921 | Gauntlet | Reached skill level 5 in Evocations
  9955 | Gauntlet | XOM: summons friendly iron imp
  9965 | Gauntlet | XOM: confuse monster(s)
 10022 | Gauntlet | XOM: fog
 10023 | Gauntlet | XOM: summons 7 friendly demons
 10046 | Gauntlet | Noticed a minotaur
 10054 | Gauntlet | XOM: summons 3 friendly demons
 10072 | Gauntlet | Killed a minotaur
 10073 | Gauntlet | Reached skill level 10 in Armour
 10093 | Lair:1   | XOM: polymorph wolf -> rat
 10096 | Lair:1   | XOM: divination: detect creatures
 10162 | Lair:1   | Got the Verses on the Dead and Nonlocality
 10319 | Lair:1   | XOM: potion effect (brilliance)
 10747 | Lair:2   | XOM: swap monsters
 10771 | Lair:2   | Found a dark tunnel.
 10831 | Volcano  | Entered a volcano
 10870 | Volcano  | Reached XP level 13. HP: 102/124 MP: 11/11
 10895 | Volcano  | Identified the +0 long sword of Mayhem {freeze, rC+ Will+
                  | Str+3 Int-3}
 10974 | Volcano  | XOM: silly message
 11015 | Volcano  | XOM: give mutations
 11015 | Volcano  | Gained mutation: Your system is resistant to poisons.
                  | (rPois) [Xom's mischief]
 11015 | Volcano  | Gained mutation: Your spells are a little easier to cast,
                  | but a little less powerful. [Xom's mischief]
 11015 | Volcano  | Lost mutation: Your magical capacity is low. (-10% MP)
                  | [Xom's mischief]
 11015 | Volcano  | Gained mutation: Armour fits poorly on your strangely
                  | shaped body. [Xom's mischief]
 11185 | Lair:2   | XOM: summons 1 hostile demon
 11213 | Lair:2   | You fall into a shaft and drop 1 floor!
 11254 | Lair:3   | XOM: summons 1 hostile shadow creature
 11296 | Lair:3   | XOM: confuse monster(s)
 11308 | Lair:3   | Reached skill level 5 in Maces & Flails
 11458 | Lair:3   | XOM: enchant monster (good)
 11478 | Lair:3   | Found a hole to the Spider Nest.
 11489 | Lair:3   | XOM: polymorph redback -> tengu
 11493 | Lair:3   | XOM: polymorph jumping spider -> culicivora
 11568 | Lair:3   | XOM: destruction
 11574 | Lair:3   | XOM: cast spell 'Iskenderun's Battlesphere'
 11601 | Lair:3   | XOM: god gift: amulet of magic regeneration
 11879 | Lair:3   | XOM: give mutations
 11879 | Lair:3   | Lost mutation: You possess an exceptional clarity of mind.
                  | [Xom's mischief]
 11879 | Lair:3   | Lost mutation: You are resistant to electric shocks.
                  | (rElec) [Xom's mischief]
 11879 | Lair:3   | Lost mutation: Your spells are a little easier to cast, but
                  | a little less powerful. [Xom's mischief]
 12243 | Lair:4   | XOM: swap monsters
 12251 | Lair:4   | XOM: confusion
 12255 | Lair:4   | XOM: silly message
 12257 | Lair:4   | XOM: stat loss: -1 Int (15/16)
 12259 | Lair:4   | XOM: blink monster(s)
 12290 | Lair:4   | XOM: blink monster(s)
 12299 | Lair:4   | XOM: silly message
 12303 | Lair:4   | XOM: potion effect (invisibility)
 12304 | Lair:4   | XOM: potion effect (might)
 12305 | Lair:4   | XOM: potion effect (berserk rage)
 12306 | Lair:4   | XOM: noise
 12308 | Lair:4   | XOM: confuse monster(s)
 12381 | Lair:4   | XOM: cleaving
 12388 | Lair:4   | XOM: chaos cloud
 12393 | Lair:4   | XOM: 2-stop teleportation journey
 12427 | Lair:4   | Reached skill level 15 in Fighting
 12482 | Lair:4   | XOM: confuse monster(s)
 12541 | Lair:4   | XOM: summons friendly quasit
 12550 | Lair:4   | XOM: summons friendly crimson imp
 12563 | Lair:4   | XOM: divination: detect creatures
 12687 | Lair:4   | XOM: scenery: summon butterflies
 12701 | Lair:4   | XOM: cleaving
 12703 | Lair:4   | Reached skill level 1 in Shields
 12703 | Lair:4   | XOM: cleaving
 12711 | Lair:4   | Reached skill level 2 in Shields
 12804 | Lair:4   | Reached skill level 3 in Shields
 12805 | Lair:4   | XOM: scenery: create altars
 12850 | Lair:4   | XOM: destruction
 12856 | Lair:4   | XOM: divination: detect items
 12951 | Lair:4   | Reached skill level 4 in Shields
 12976 | Lair:4   | Reached skill level 5 in Shields
 13028 | Lair:4   | XOM: potion effect (curing)
 13255 | Lair:4   | XOM: noise
 13582 | D:9      | XOM: give mutation
 13582 | D:9      | Lost mutation: You are strong-willed. (Will+) [Xom's
                  | mischief]
 13685 | Lair:5   | Entered Level 5 of the Lair of Beasts
 13703 | Lair:5   | Reached XP level 14. HP: 134/137 MP: 14/14
 13705 | Lair:5   | XOM: scenery: create altars
 13710 | Lair:5   | Reached skill level 6 in Shields
 13856 | Lair:5   | XOM: divination: detect creatures
 13894 | Lair:5   | XOM: enchant monster (good)
 13912 | Lair:5   | Reached skill level 7 in Shields
 13912 | Lair:5   | XOM: 1-stop teleportation journey
 14118 | Lair:5   | Noticed Kirke
 14145 | Lair:5   | XOM: enchant monster (good)
 14151 | Lair:5   | Killed Kirke
 14206 | Lair:5   | XOM: cleaving
 14224 | Lair:5   | XOM: confusion (+ monsters)
 14271 | Lair:5   | XOM: noise
 14290 | Lair:5   | XOM: god gift: scroll labelled TYNEP UMAPHUS {god gift}
 14330 | Lair:5   | XOM: cloud trail
 14482 | Lair:5   | XOM: summons friendly ufetubus
 14483 | Lair:5   | XOM: polymorph ufetubus -> iron imp
 14504 | Lair:5   | XOM: summons friendly iron imp
 14578 | Lair:5   | XOM: scenery: summon butterflies
 14911 | Lair:5   | XOM: chaos cloud
 14985 | Lair:5   | Found a viscous altar of Jiyva.
 15221 | Lair:5   | XOM: god gift: 51 gold pieces
 15281 | Lair:5   | Found a staircase to the Slime Pits.
 15439 | Lair:5   | Found a corrupted altar of Lugonu.
 15439 | Lair:5   | Found a one-way gate to the infinite horrors of the Abyss.
 15702 | D:12     | XOM: swap monsters
 15949 | D:12     | XOM: god gift: ring mail {god gift}
 15986 | D:12     | XOM: polymorph boulder beetle -> purple draconian
 15994 | D:12     | Reached skill level 10 in Evocations
 16127 | D:12     | Noticed Uloyruha's ghost (journeyman HuCj)
 16130 | D:12     | Found a transporter.
 16135 | D:12     | Found a transporter.
 16136 | D:12     | XOM: 1-stop teleportation journey
 16495 | D:12     | XOM: summons 1 hostile shadow creature
 16790 | D:13     | XOM: 3-stop teleportation journey
 16835 | D:13     | Noticed Erolcha
 16858 | D:13     | Killed Erolcha
 16862 | D:13     | XOM: confuse monster(s)
 17085 | D:13     | Found a runed translucent gate.
 17085 | D:13     | Noticed Lurud's ghost (journeyman CoBe)
 17086 | D:13     | Found a runed translucent gate.
 17087 | D:13     | Found a runed translucent gate.
 17265 | D:13     | XOM: silly message
 17290 | D:13     | Found a roughly hewn altar of Beogh.
 17311 | D:13     | XOM: summons friendly white imp
 17315 | D:13     | XOM: summons 8 hostile demons
 17425 | D:12     | XOM: stat loss: -1 Int (15/16)
 17437 | D:13     | XOM: god gift: chain mail {god gift}
 17453 | D:12     | XOM: confusion
 17505 | D:13     | XOM: confuse monster(s)
 17511 | D:13     | XOM: summons friendly ufetubus
 17517 | D:13     | Killed Lurud's ghost
 17526 | D:13     | Identified the +3 cloak of the Comet {Str+2}
 17553 | D:13     | XOM: polymorph ufetubus -> cerulean imp
 17623 | D:14     | XOM: cleaving
 17679 | D:14     | Found Qomiriy's Antique Armour Shoppe.
 17699 | D:14     | Bought a dazzling buckler for 370 gold pieces
 17699 | D:14     | Identified the +2 buckler of the Old and Reckless {Rampage
                  | +Blink Str+4} (You bought it in a shop on level 14 of the
                  | Dungeon)
 17780 | D:14     | Noticed Roxanne
 17947 | D:14     | Noticed Xeapikeu's ghost (adept TeAE)
 17960 | D:14     | Found a runed translucent gate.
 17960 | D:14     | Found a runed translucent gate.
 17960 | D:14     | Found a runed translucent gate.
 18024 | D:14     | Reached XP level 15. HP: 144/144 MP: 15/15
 18053 | D:14     | Found a hide-covered altar of Uskayaw.
 18159 | D:15     | Entered Level 15 of the Dungeon
 18236 | D:15     | XOM: swap monsters
 18260 | D:15     | XOM: blink monster(s)
 18480 | D:15     | Found a stormy altar of Qazlal.
 18499 | D:15     | XOM: god gift: wand of roots (5)
 18504 | D:15     | XOM: summons 8 friendly demons
 18537 | D:15     | XOM: confuse monster(s)
 18543 | D:15     | XOM: potion effect (haste)
 18622 | D:15     | XOM: enchant monster (bad)
 18690 | D:15     | Found a staircase to the Depths.
 18704 | D:15     | XOM: blink monster(s)
 18707 | D:15     | XOM: potion effect (brilliance)
 18735 | D:15     | XOM: give mutations
 18735 | D:15     | Gained mutation: You have a pair of small antennae on your
                  | head. [Xom's grace]
 18735 | D:15     | Gained mutation: You are strong-willed. (Will+) [Xom's
                  | grace]
 18735 | D:15     | Gained mutation: Your muscles are strong. (Str +4, Int/Dex
                  | -1) [Xom's grace]
 18735 | D:15     | Gained mutation: You are somewhat resistant to further
                  | mutation. [Xom's grace]
 18809 | D:15     | XOM: silly message
 18873 | D:15     | XOM: confusion (+ monsters)
 18880 | D:15     | XOM: enchant monster (good)
 19055 | D:13     | XOM: divination: detect creatures
 19123 | Orc:1    | Entered Level 1 of the Orcish Mines
 19128 | Orc:1    | XOM: summons friendly quasit
 19130 | Orc:1    | XOM: summons friendly ufetubus
 19193 | Orc:1    | XOM: divination: detect creatures
 19450 | Orc:1    | Found Wuorroff's Distillery.
 19456 | Orc:1    | Found a runed translucent gate.
 19456 | Orc:1    | Found a runed translucent gate.
 19456 | Orc:1    | Found an opulent altar of Gozag.
 19458 | Orc:1    | Found a runed translucent gate.
 19458 | Orc:1    | Noticed Raonuuvo's ghost (journeyman VSBr)
 19585 | Orc:1    | Found Vink's Assorted Antiques.
 19595 | Orc:1    | XOM: blink monster(s)
 19625 | Orc:1    | Killed Raonuuvo's ghost
 19690 | Orc:2    | Entered Level 2 of the Orcish Mines
 19745 | Orc:2    | Found Emoam's Antique Armour Emporium.
 19745 | Orc:2    | XOM: 2-stop teleportation journey
 19747 | Orc:2    | XOM: confusion
 19757 | Orc:2    | Found Monush's Jewellery Boutique.
 19757 | Orc:2    | XOM: 1-stop teleportation journey
 19828 | Orc:2    | XOM: draining
 19841 | Orc:2    | Found Bynted's Antique Weapon Shop.
 19841 | Orc:2    | XOM: 5-stop teleportation journey
 19848 | Orc:2    | Found a staircase to the Elven Halls.
 19871 | Orc:2    | XOM: blink monster(s)
 19890 | Orc:2    | XOM: polymorph orc warlord -> white very ugly thing
 19893 | Orc:2    | XOM: destruction
 19897 | Orc:2    | XOM: enchant monster (bad)
 20060 | Orc:2    | XOM: chaos cloud
 20071 | Orc:2    | XOM: confusion (+ monsters)
 20286 | Orc:2    | Bought a pair of steaming boots for 285 gold pieces
 20286 | Orc:2    | Identified the +1 pair of boots "Yruidd" {-Cast rElec rPois
                  | Str+5} (You bought it in a shop on level 2 of the Orcish
                  | Mines)
 20333 | Orc:2    | XOM: enchant monster (bad)
 20446 | Orc:2    | Found Kugoshix's General Store.
 20460 | Orc:2    | XOM: confusion
 20461 | Orc:2    | XOM: fog
 20470 | Orc:2    | XOM: give mutation
 20470 | Orc:2    | Gained mutation: Your spells are a little harder to cast,
                  | but a little more powerful. [Xom's grace]
 20477 | Orc:2    | XOM: cleaving
 20651 | Orc:2    | XOM: enchant monster (good)
 20776 | Orc:2    | Found Uluompuv's Overcharged Wands.
 20777 | Orc:2    | XOM: give mutations
 20777 | Orc:2    | Gained mutation: You possess an exceptional clarity of
                  | mind. [Xom's grace]
 20777 | Orc:2    | Gained mutation: Your muscles are very strong. (Str +8,
                  | Int/Dex -2) [Xom's grace]
 20777 | Orc:2    | Gained mutation: Your spells are harder to cast, but more
                  | powerful. [Xom's grace]
 20870 | Orc:2    | Bought a scroll of enchant weapon for 90 gold pieces
 20870 | Orc:2    | XOM: god gift: 18 gold pieces
 20909 | Orc:2    | Bought a pair of runed gloves for 225 gold pieces
 20952 | Orc:1    | Bought a potion of heal wounds for 75 gold pieces
 20952 | Orc:1    | Bought a potion of heal wounds for 75 gold pieces
 20952 | Orc:1    | Bought a potion of invisibility for 120 gold pieces
 20952 | Orc:1    | Bought 2 potions of might for 120 gold pieces
 20952 | Orc:1    | Bought a potion of haste for 150 gold pieces
 20963 | Orc:1    | Bought a scroll of enchant weapon for 307 gold pieces
 21009 | D:9      | Bought a scroll of enchant armour for 105 gold pieces
 21009 | D:9      | Bought a scroll of brand weapon for 133 gold pieces
 21036 | D:9      | XOM: scenery: 2 doors close
 21141 | Spider:1 | Entered Level 1 of the Spider Nest
 21153 | Spider:1 | XOM: 7-stop teleportation journey
 21188 | Spider:1 | XOM: summons friendly shadow imp
 21198 | Spider:1 | XOM: cleaving
 21211 | Spider:1 | XOM: butterfly on damage
 21259 | Spider:1 | XOM: divine lightning
 21261 | Spider:1 | XOM: smoke on damage
 21265 | Spider:1 | XOM: polymorph redback -> sky beast
 21288 | Spider:1 | XOM: enchant monster (good)
 21386 | Spider:1 | XOM: enchant monster (good)
 21390 | Spider:1 | Reached XP level 16. HP: 161/161 MP: 16/16
 21610 | Spider:1 | XOM: silly message
 21618 | Spider:1 | XOM: cast spell 'Death Channel'
 21945 | Spider:2 | XOM: enchant monster (good)
 21955 | Spider:2 | XOM: summons friendly iron imp
 22004 | Spider:2 | XOM: cast spell 'Death Channel'
 22049 | Spider:2 | Reached skill level 15 in Armour
 22056 | Spider:2 | XOM: 4-stop teleportation journey
 22336 | Spider:3 | XOM: chaos cloud
 22348 | Spider:3 | XOM: cleaving
 22610 | Spider:3 | XOM: destruction
 22892 | Spider:3 | XOM: enchant monster (bad)
 22971 | Spider:3 | XOM: 2-stop teleportation journey
 23555 | Spider:3 | XOM: potion effect (brilliance)
 23615 | Spider:3 | XOM: cloud trail
 23634 | Spider:3 | XOM: give mutation
 23634 | Spider:3 | Gained mutation: You expend magic power (3 MP) to
                  | strengthen your wands. [Xom's grace]
 23673 | Spider:3 | XOM: god gift: wand of acid (4)
 23710 | Spider:4 | Entered Level 4 of the Spider Nest
 23718 | Spider:4 | XOM: polymorph steelbarb worm -> basilisk
 23726 | Spider:4 | XOM: enchant monster (good)
 23773 | Spider:4 | XOM: potion effect (brilliance)
 23843 | Spider:4 | XOM: divination: magic mapping
 23930 | Spider:4 | XOM: summons friendly white imp
 23941 | Spider:4 | XOM: scenery: create altars
 23947 | Spider:4 | Reached XP level 17. HP: 171/171 MP: 2/17
 23950 | Spider:4 | XOM: summons 15 friendly demons
 23953 | Spider:4 | XOM: enchant monster (good)
 24040 | Spider:4 | XOM: summons friendly iron imp
 24043 | Spider:4 | XOM: divination: magic mapping
 24169 | Spider:4 | XOM: blink monster(s)
 24292 | Spider:4 | XOM: stat loss: -1 Dex (6/7)
 24293 | Spider:4 | XOM: give mutations
 24293 | Spider:4 | Lost mutation: You are strong-willed. (Will+) [Xom's
                  | mischief]
 24293 | Spider:4 | Lost mutation: Armour fits poorly on your strangely shaped
                  | body. [Xom's mischief]
 24293 | Spider:4 | Lost mutation: You are completely covered in iridescent
                  | scales. (AC +6) [Xom's mischief]
 24293 | Spider:4 | Lost mutation: You are mostly covered in iridescent scales.
                  | (AC +4) [Xom's mischief]
 24326 | Spider:4 | XOM: cast spell 'Olgreb's Toxic Radiance'
 24346 | Spider:4 | XOM: enchant monster (bad)
 24402 | Spider:4 | XOM: divination: detect creatures
 24581 | Spider:4 | XOM: cast spell 'Summon Horrible Things'
 24691 | Spider:4 | XOM: 1-stop teleportation journey
 24911 | Spider:4 | XOM: polymorph jorogumo -> shapeshifter
 24921 | Spider:4 | XOM: blink monster(s)
 24983 | Spider:4 | XOM: silly message
 25042 | Spider:4 | XOM: silly message
 25056 | Spider:4 | XOM: potion effect (might)
 25105 | Spider:4 | Got a gossamer rune of Zot
 25114 | Spider:4 | Identified the scarf "Dyl Zisu" {repulsion, rElec rPois
                  | Str+2 Stlth-}
 25185 | Spider:4 | XOM: give mutations
 25185 | Spider:4 | Gained mutation: You are mostly covered in iridescent
                  | scales. (AC +4) [Xom's grace]
 25185 | Spider:4 | Gained mutation: You are somewhat resistant to both further
                  | mutation and mutation removal. [Xom's grace]
 25185 | Spider:4 | Gained mutation: You are covered in fur. (AC +1) [Xom's
                  | grace]
 25450 | Lair:2   | Found a staircase to the Shoals.
 25453 | Lair:2   | XOM: 7-stop teleportation journey
 25599 | Lair:2   | XOM: god gift: scroll of noise
 25807 | Lair:2   | XOM: draining
 25972 | Lair:2   | XOM: god gift: shortbow {god gift}
 26079 | Shoals:1 | Entered Level 1 of the Shoals
 26123 | Shoals:1 | XOM: summons 3 friendly demons
 26156 | Shoals:1 | XOM: divination: detect creatures
 26223 | Shoals:1 | Found a runed translucent door.
 26275 | Shoals:1 | XOM: summons friendly quasit
 26338 | Shoals:1 | XOM: cleaving
 26375 | Shoals:1 | Upgraded the game from 0.32-a0-407-g4da7c8d6d1 to
                  | 0.32-a0-422-g28b100f618
 26375 | Shoals:1 | XOM: polymorph sea snake -> entropy weaver
 26532 | Shoals:1 | Noticed Donald
 26535 | Shoals:1 | XOM: cast spell 'Disjunction'
 26558 | Shoals:1 | Killed Donald
 26563 | Shoals:1 | XOM: summons friendly crimson imp
 26687 | Shoals:1 | XOM: polymorph crimson imp -> ufetubus
 26719 | Shoals:1 | Noticed Agetab's ghost (adept DECj)
 26736 | Shoals:2 | Noticed Goeskeom's ghost (adept OnEE)
 26767 | Shoals:2 | Found a transporter.
 26781 | Shoals:2 | Found a transporter.
 26793 | Shoals:2 | Found Kofarotz's Assorted Antiques.
 26796 | Shoals:2 | Reached XP level 18. HP: 184/184 MP: 18/18
 26889 | Shoals:2 | Found Karahim's Book Boutique.
 26896 | Shoals:2 | XOM: potion effect (invisibility)
 26899 | Shoals:2 | XOM: repel stairs
 26935 | Shoals:2 | Found Teymp's Weapon Shop.
 26976 | Shoals:2 | Noticed Ilsuiw
 26980 | Shoals:2 | Ilsuiw changed into Ilsuiw the white very ugly thing
 26980 | Shoals:2 | Noticed Ilsuiw
 26980 | Shoals:2 | XOM: polymorph Ilsuiw -> Ilsuiw the white very ugly thing
 26981 | Shoals:2 | XOM: summons 12 friendly demons
 26986 | Shoals:2 | Killed Ilsuiw the white very ugly thing
 27030 | Shoals:2 | Found Kuorohedghi's Antique Weapon Shoppe.
 27045 | Shoals:2 | Reached skill level 8 in Shields
 27104 | Shoals:2 | XOM: cast spell 'Leda's Liquefaction'
 27377 | Shoals:2 | XOM: 4-stop teleportation journey
 27383 | Shoals:2 | XOM: summons 10 hostile demons
 27384 | Shoals:2 | XOM: silly message
 27389 | Shoals:2 | XOM: enchant monster (bad)
 27395 | Shoals:2 | XOM: noise
 27624 | Shoals:3 | XOM: 4-stop teleportation journey
 27625 | Shoals:3 | XOM: silly message
 27643 | Shoals:3 | XOM: polymorph merfolk impaler -> death drake
 27647 | Shoals:3 | XOM: polymorph death drake -> glass eye
 27758 | Shoals:3 | Reached skill level 9 in Shields
 27883 | Shoals:3 | XOM: scenery: summon butterflies
 27975 | Shoals:3 | XOM is BORED!
 27975 | Shoals:3 | XOM: give mutation
 27975 | Shoals:3 | Lost mutation: You are mostly covered in iridescent scales.
                  | (AC +4) [Xom's mischief]
 28091 | Shoals:3 | XOM: cloud trail
 28139 | Shoals:3 | XOM: 2-stop teleportation journey
 28404 | Shoals:3 | XOM: enchant monster (good)
 28410 | Shoals:3 | XOM: blink monster(s)
 28419 | Shoals:3 | XOM: scenery: summon butterflies
 28468 | Shoals:3 | XOM: god gift: +6 ring of intelligence
 28495 | Shoals:4 | Entered Level 4 of the Shoals
 28516 | Shoals:4 | Identified the granite talisman of the Everdark {rC- rN+
                  | rCorr Int+4}
 28544 | Shoals:4 | Reached skill level 10 in Shields
 28544 | Shoals:4 | XOM: noise
 28560 | Shoals:4 | Got a barnacled rune of Zot
 28562 | Shoals:4 | Got an azure gem with 0 turns to spare
 28773 | Shoals:4 | XOM: divination: magic mapping
 28788 | Shoals:4 | XOM: enchant monster (good)
 28819 | Shoals:4 | XOM: 1-stop teleportation journey
 28846 | Shoals:4 | Reached skill level 11 in Shields
 28873 | Shoals:4 | XOM: summons friendly crimson imp
 28877 | Shoals:4 | XOM: summons 2 friendly demons
 29024 | Shoals:4 | Identified the ring "Ageuf" {Int+6 Dex+3}
 29119 | Shoals:4 | XOM: potion effect (berserk rage)
 29964 | D:14     | XOM: butterfly on damage
 29970 | D:14     | Killed Roxanne
 29981 | D:14     | Identified the amulet "Hayfof" {Spirit Rampage rF+ Str-3}
 29992 | D:14     | Found a gate to the Vaults.
 30003 | Vaults:1 | Entered Level 1 of the Vaults
 30030 | Vaults:1 | XOM: divination: magic mapping
 30054 | Vaults:1 | Reached skill level 15 in Evocations
 30055 | Vaults:1 | XOM: potion effect (brilliance)
 30070 | Vaults:1 | Reached skill level 12 in Shields
 30097 | Vaults:1 | XOM: summons 9 friendly demons
 30101 | Vaults:1 | XOM: enchant monster (good)
 30319 | Vaults:1 | Reached XP level 19. HP: 191/191 MP: 19/19
 30573 | Vaults:1 | XOM: summons 4 hostile shadow creatures
 30580 | Vaults:1 | XOM: divination: detect items
 30586 | Vaults:1 | XOM: enchant monster (bad)
 30594 | Vaults:1 | Reached skill level 13 in Shields
 30856 | Vaults:1 | XOM: destruction
 30859 | Vaults:1 | XOM: give mutations
 30859 | Vaults:1 | Lost mutation: You possess an exceptional clarity of mind.
                  | [Xom's mischief]
 30859 | Vaults:1 | Lost mutation: Your spells are harder to cast, but more
                  | powerful. [Xom's mischief]
 30859 | Vaults:1 | Lost mutation: Your muscles are very strong. (Str +8,
                  | Int/Dex -2) [Xom's mischief]
 30971 | Vaults:1 | Reached skill level 14 in Shields
 31014 | Vaults:1 | XOM: confusion
 31452 | Vaults:2 | XOM: confuse monster(s)
 31455 | Vaults:2 | XOM: 1-stop teleportation journey
 31484 | Vaults:2 | Reached skill level 15 in Shields
 31502 | Vaults:2 | XOM: swap monsters
 31507 | Vaults:2 | XOM: enchant monster (bad)
 31514 | Vaults:2 | a dire elephant changed into a golden dragon
 31514 | Vaults:2 | Noticed a golden dragon
 31514 | Vaults:2 | XOM: polymorph dire elephant -> golden dragon
 31519 | Vaults:2 | Killed a golden dragon
 31642 | Vaults:2 | XOM: noise
 32000 | Vaults:2 | Found the +6 Majin-Bo {spellvamp, MP+6 Int+6}
 32000 | Vaults:2 | XOM: polymorph ironbound convoker -> salamander
 32097 | Vaults:2 | Found a staircase to the Crypt.
 32430 | Vaults:2 | XOM: give mutations
 32430 | Vaults:2 | Gained mutation: You are mostly covered in iridescent
                  | scales. (AC +4) [Xom's mischief]
 32430 | Vaults:2 | Gained mutation: You are dopey. (Int -2) [Xom's mischief]
 32430 | Vaults:2 | Lost mutation: You are covered in fur. (AC +1) [Xom's
                  | mischief]
 32430 | Vaults:2 | Lost mutation: Your system is resistant to poisons. (rPois)
                  | [Xom's mischief]
 32478 | Vaults:2 | XOM: give mutations
 32478 | Vaults:2 | Gained mutation: Your flesh is cold resistant. (rC+) [Xom's
                  | mischief]
 32478 | Vaults:2 | Lost mutation: Your spells are a little harder to cast, but
                  | a little more powerful. [Xom's mischief]
 32891 | Vaults:2 | Found Tojoz's Weapon Shoppe.
 33181 | Vaults:3 | XOM: give mutations
 33181 | Vaults:3 | Gained mutation: You are very dopey. (Int -4) [Xom's
                  | mischief]
 33181 | Vaults:3 | Lost mutation: You expend magic power (3 MP) to strengthen
                  | your wands. [Xom's mischief]
 33181 | Vaults:3 | Lost mutation: You are mostly covered in iridescent scales.
                  | (AC +4) [Xom's mischief]
 33234 | Vaults:3 | XOM: polymorph vault sentinel -> hornet
 33451 | Vaults:3 | XOM: confuse monster(s)
 33455 | Vaults:3 | XOM: cast spell 'Summon Mana Viper'
 33513 | Vaults:3 | XOM: cloud trail
 33718 | Vaults:3 | Reached XP level 20. HP: 185/203 MP: 20/20
 33822 | Vaults:3 | XOM: silly message
 33833 | Vaults:3 | Lost dexterity.
 34080 | D:14     | XOM: cloud trail
 34117 | D:14     | XOM: draining
 34506 | Vaults:3 | XOM: summons 4 hostile demons
 34512 | Vaults:3 | XOM: confusion
 34813 | Vaults:4 | XOM: blink monster(s)
 34825 | Vaults:4 | XOM: enchant monster (bad)
 34838 | Vaults:4 | XOM: enchant monster (bad)
 34895 | Vaults:4 | XOM: 2-stop teleportation journey
 34941 | Vaults:4 | XOM: stat loss: -1 Str (32/33)
 35018 | Vaults:4 | XOM: potion effect (might)
 35024 | Vaults:4 | Reached skill level 16 in Shields
 35037 | Vaults:4 | XOM: fog
 35114 | Vaults:4 | XOM: summons friendly ufetubus
 35148 | Vaults:4 | Identified a scroll of acquirement
 35188 | Vaults:4 | Found Tuethed's Armour Emporium.
 35261 | Vaults:4 | XOM: smoke on damage
 35286 | Vaults:4 | Paralysed by a sphinx for 4 turns
 35349 | Vaults:4 | XOM: confuse monster(s)
 35423 | Vaults:4 | XOM: chaos upgrade
 35495 | Vaults:4 | XOM: cast spell 'Death Channel'
 35567 | Vaults:4 | XOM: summons friendly crimson imp
 35580 | Vaults:4 | XOM: polymorph ironbound preserver -> white draconian
 35590 | Vaults:4 | XOM: blink monster(s)
 35692 | Vaults:4 | Paralysed by a sphinx for 5 turns
 36268 | Depths:1 | Entered Level 1 of the Depths
 36423 | Depths:1 | Identified the amulet "Liqoh" {Acrobat +Inv}
 36450 | Depths:1 | XOM: cast spell 'Olgreb's Toxic Radiance'
 36462 | Depths:1 | Found Jettelas's Pet Rocks.
 36480 | Depths:1 | XOM: divination: detect creatures
 36484 | Depths:1 | XOM: potion effect (haste)
 36516 | Depths:1 | XOM: divination: detect creatures
 36538 | Depths:1 | XOM: polymorph deep troll earth mage -> salamander
 36574 | Depths:1 | XOM: cloud trail
 36620 | Depths:1 | XOM: 2-stop teleportation journey
 36793 | Depths:1 | XOM: enchant monster (good)
 36832 | Depths:1 | Reached skill level 17 in Shields
 36918 | Depths:1 | XOM: polymorph soul eater -> smoke demon
 37018 | Depths:1 | Reached XP level 21. HP: 214/214 MP: 21/21
 37019 | Depths:1 | Identified the +1 demon trident of the Mauling Gods {drain,
                  | *Noise Dex+2 SInv Stlth+}
 37021 | Depths:1 | XOM: cleaving
 37045 | Depths:1 | XOM: cleaving
 37174 | Depths:1 | XOM: swap monsters
 37195 | Depths:1 | XOM: give mutations
 37195 | Depths:1 | Gained mutation: Your system is resistant to poisons.
                  | (rPois) [Xom's grace]
 37195 | Depths:1 | Gained mutation: You are mostly covered in iridescent
                  | scales. (AC +4) [Xom's grace]
 37195 | Depths:1 | Gained mutation: You are agile. (Dex +4, Str/Int -1) [Xom's
                  | grace]
 37208 | Depths:1 | Found a gateway to Hell.
 37209 | Depths:1 | XOM: chaos upgrade
 37210 | Depths:1 | XOM: summons 8 hostile demons
 37251 | Depths:1 | XOM: silly message
 37258 | Depths:1 | XOM: divination: detect creatures
 37382 | Depths:1 | XOM: divination: magic mapping
 37386 | Depths:1 | XOM: silly message
 37622 | Depths:1 | XOM: silly message
 37649 | Depths:2 | XOM: noise
 37659 | Depths:2 | XOM: silly message
 37728 | Depths:2 | XOM: silly message
 37924 | Depths:2 | XOM: cast spell 'Summon Horrible Things'
 38078 | Depths:2 | XOM: silly message
 38081 | Depths:2 | Paralysed by a sphinx for 3 turns
 38089 | Depths:2 | XOM: polymorph ice dragon -> sun moth
 38090 | Depths:2 | XOM: scenery: create altars
 38092 | Depths:2 | XOM: polymorph sun moth -> sun moth
 38103 | Depths:2 | XOM: enchant monster (good)
 38250 | Depths:2 | XOM: give mutations
 38250 | Depths:2 | Gained mutation: You occasionally lose the ability to drink
                  | potions when taking damage. [Xom's mischief]
 38250 | Depths:2 | Lost mutation: You are very dopey. (Int -4) [Xom's
                  | mischief]
 38250 | Depths:2 | Lost mutation: You occasionally lose the ability to drink
                  | potions when taking damage. [Xom's mischief]
 38304 | Depths:2 | Found Jeppajyu's Assorted Antiques.
 38331 | Depths:2 | Reached skill level 18 in Shields
 38339 | Depths:2 | Bought a potion of heal wounds for 175 gold pieces
 38534 | Depths:2 | Found a one-way gate leading to the halls of Pandemonium.
 38657 | Depths:2 | XOM: destruction
 38658 | Depths:2 | XOM: scenery: summon butterflies
 38687 | Depths:2 | XOM: polymorph butterfly -> dart slug
 38901 | Depths:3 | XOM: confuse monster(s)
 38906 | Depths:3 | XOM: scenery: summon butterflies
 38925 | Depths:3 | XOM: confuse monster(s)
 38940 | Depths:3 | You fall into a shaft and drop 1 floor!
 38940 | Depths:4 | Entered Level 4 of the Depths
 38945 | Depths:4 | Noticed a caustic shrike
 38948 | Depths:4 | Noticed a caustic shrike
 38956 | Depths:4 | Paralysed by a vampire knight for 2 turns
 38959 | Depths:4 | Noticed a caustic shrike
 38965 | Depths:4 | XOM: confuse monster(s)
 39125 | Depths:4 | XOM: divination: magic mapping
 39216 | Depths:4 | XOM: summons friendly iron imp
 39244 | Depths:4 | XOM: potion effect (heal wounds)
 39248 | Depths:4 | XOM: potion effect (might)
 39257 | Depths:4 | Found Big Baal Hell's Store.
 39342 | Depths:4 | XOM: divination: detect creatures
 39349 | Depths:4 | Killed a caustic shrike
 39353 | Depths:4 | Killed a caustic shrike
 39359 | Depths:4 | Killed a caustic shrike
 39451 | Depths:4 | XOM: swap monsters
 39510 | Depths:4 | XOM: confuse monster(s)
 39512 | Depths:4 | XOM: enchant monster (good)
 39559 | Depths:4 | Noticed a golden dragon
 39565 | Depths:4 | XOM: cleaving
 39581 | Depths:4 | Killed a golden dragon
 39582 | Depths:4 | Reached XP level 22. HP: 186/214 MP: 22/22
 39589 | Depths:4 | XOM: scenery: create altars
 39636 | Depths:4 | XOM: swap monsters
 39647 | Depths:4 | XOM: torment (102/220 hp)
 39651 | Depths:4 | XOM: swap monsters
 39744 | Depths:4 | Noticed Grunn
 39768 | Depths:4 | Found a runed translucent gate.
 39768 | Depths:4 | Found a runed translucent gate.
 39768 | Depths:4 | Noticed nago's ghost (veteran CoGl)
 39774 | Depths:4 | Noticed Jory
 39791 | Depths:4 | XOM: noise
 39794 | Depths:4 | Paralysed by a vampire knight for 4 turns
 39795 | Depths:4 | XOM: summons 3 friendly demons
 39813 | Depths:4 | Found a shimmering altar of Xom.
 39817 | Depths:4 | XOM: butterfly on damage
 39828 | Depths:4 | XOM: enchant monster (bad)
 39853 | Depths:4 | XOM: summons 13 friendly demons
 39951 | Depths:4 | Found a runed translucent gate.
 39956 | Depths:4 | Noticed a dread lich
 39956 | Depths:4 | Noticed a dread lich
 39967 | Depths:4 | Killed Jory
 39986 | Depths:4 | Killed Grunn
 40022 | Depths:4 | Found a gate to the Realm of Zot.
 40024 | Depths:4 | XOM: silly message
 40084 | Depths:4 | XOM: silly message
 40407 | Depths:4 | Acquired 1179 gold pieces
 40485 | Depths:3 | Reached skill level 1 in Dodging
 40491 | Depths:3 | Found a one-way gateway to a ziggurat.
 40491 | Depths:3 | XOM: 3-stop teleportation journey
 40770 | Depths:3 | XOM: 3-stop teleportation journey
 40826 | Depths:3 | XOM: god gift: book of Party Tricks
 40835 | Depths:3 | XOM: potion effect (attraction)
 40839 | Depths:3 | XOM: silly message
 40853 | Depths:3 | XOM: give mutations
 40853 | Depths:3 | Lost mutation: You are dopey. (Int -2) [Xom's mischief]
 40853 | Depths:3 | Lost mutation: Your flesh is cold resistant. (rC+) [Xom's
                  | mischief]
 40909 | Depths:3 | XOM: divination: detect creatures
 41056 | Depths:3 | XOM: potion effect (brilliance)
 41065 | Depths:3 | Reached skill level 5 in Dodging
 41191 | Depths:3 | XOM: torment (115/228 hp)
 41688 | Vaults:5 | Entered Level 5 of the Vaults
 41694 | Vaults:5 | Noticed an ancient lich
 41698 | Vaults:5 | XOM: chaos upgrade
 41701 | Vaults:5 | XOM: divination: detect items
 41704 | Vaults:5 | XOM: cleaving
 41706 | Vaults:5 | XOM: enchant monster (good)
 41714 | Vaults:5 | XOM: summons 3 friendly demons
 41768 | Vaults:5 | Killed an ancient lich
 41773 | Vaults:5 | XOM: confuse monster(s)
 41787 | Vaults:5 | XOM: summons friendly iron imp
 41789 | Vaults:5 | XOM: destruction
 41799 | Vaults:5 | XOM: divination: magic mapping
 41800 | Vaults:5 | XOM: polymorph iron imp -> chaos spawn
 41816 | Vaults:5 | Noticed an ancient lich
 41829 | Vaults:5 | XOM: noise
 41835 | Vaults:5 | Killed an ancient lich
 41837 | Vaults:5 | XOM: potion effect (haste)
 41854 | Vaults:5 | XOM: 1-stop teleportation journey
 41870 | Vaults:5 | Noticed a golden dragon
 41871 | Vaults:5 | XOM: summons friendly crimson imp
 41875 | Vaults:5 | XOM: divination: detect creatures
 41881 | Vaults:5 | XOM: summons friendly ufetubus
 41892 | Vaults:5 | Killed a golden dragon
 41897 | Vaults:5 | XOM: summons 9 friendly demons
 41950 | Vaults:5 | XOM: destruction
 41967 | Vaults:5 | XOM: confuse monster(s)
 41980 | Vaults:5 | XOM: cleaving
 41983 | Vaults:4 | Reached XP level 23. HP: 202/234 MP: 23/23
 42021 | Vaults:5 | XOM: scenery: summon butterflies
 42029 | Vaults:5 | Noticed a dread lich
 42054 | Vaults:5 | XOM: polymorph vault warden -> vault warden
 42057 | Vaults:5 | Killed a dread lich
 42061 | Vaults:5 | XOM: scenery: summon butterflies
 42065 | Vaults:5 | XOM: confuse monster(s)
 42083 | Vaults:5 | XOM: scenery: summon butterflies
 42103 | Vaults:5 | XOM: cast spell 'Olgreb's Toxic Radiance'
 42112 | Vaults:5 | Reached skill level 19 in Shields
 42146 | Vaults:5 | Noticed an ancient lich
 42160 | Vaults:5 | Killed an ancient lich
 42215 | Vaults:5 | XOM: summons friendly crimson imp
 42302 | Vaults:5 | XOM: polymorph crimson imp -> ice devil
 42306 | Vaults:5 | Got the Meditations on Profulgent Effluvium
 42332 | Vaults:5 | XOM: summons friendly quasit
 42522 | Vaults:5 | XOM: enchant monster (good)
 42530 | Vaults:4 | XOM: enchant monster (good)
 42557 | Vaults:5 | XOM: scenery: summon butterflies
 42560 | Vaults:5 | XOM: swap monsters
 42561 | Vaults:5 | XOM: summons friendly quasit
 42564 | Vaults:5 | XOM: polymorph shadow demon -> red devil
 42740 | Vaults:5 | Identified the +1 ring mail of Indemnity {rF- rN++ rCorr}
 42811 | Vaults:5 | Got the Spellbook of Last Rites
 42961 | Vaults:5 | Got a silver rune of Zot
 43136 | Vaults:5 | XOM: give mutation
 43136 | Vaults:5 | Lost mutation: You are somewhat resistant to both further
                  | mutation and mutation removal. [Xom's mischief]
 43197 | Vaults:5 | Reached skill level 20 in Shields
 43215 | Vaults:5 | Noticed a dread lich
 43227 | Vaults:5 | XOM: silly message
 43241 | Vaults:5 | XOM: blink monster(s)
 43242 | Vaults:5 | Killed a dread lich
 43259 | Vaults:5 | Reached skill level 10 in Dodging
 43375 | Vaults:5 | Got Sif Muna's Grimoire of the Escort and Snow
 43495 | Vaults:5 | Identified the staff of Impatience {rElec rC+ Dex-3 Stlth+
                  | Fire Air}
 43531 | Vaults:5 | Found the +4 skin of Zhor {*Englaciate rC+++ SInv}
 43543 | Vaults:5 | Identified the ring "Oroxto" {rElec rC+ rN+}
 43548 | Vaults:5 | Identified the +0 pair of boots of Ure Weti {Will+ Dex+4
                  | SInv}
 43897 | Zot:1    | XOM: noise
 43897 | Zot:1    | Entered Level 1 of the Realm of Zot
 43947 | Zot:1    | XOM: enchant monster (bad)
 43964 | Zot:1    | XOM: noise
 44081 | Zot:2    | XOM: enchant monster (bad)
 44082 | Zot:2    | XOM: enchant monster (good)
 44083 | Zot:2    | XOM: blink monster(s)
 44097 | Zot:2    | XOM: blink monster(s)
 44161 | Zot:2    | Noticed an orb of fire
 44165 | Zot:2    | XOM: 2-stop teleportation journey
 44252 | Zot:2    | Noticed an orb of fire
 44253 | Zot:2    | XOM: confusion (+ monsters)
 44254 | Zot:2    | XOM: summons friendly crimson imp
 44269 | Zot:2    | Killed an orb of fire
 44270 | Zot:2    | Reached skill level 21 in Shields
 44312 | Zot:2    | XOM: smoke on damage
 44315 | Zot:2    | Killed an orb of fire
 44475 | Zot:2    | XOM: 1-stop teleportation journey
 44485 | Zot:2    | Reached XP level 24. HP: 218/245 MP: 23/23
 44626 | Zot:2    | XOM: 5-stop teleportation journey
 44628 | Zot:2    | XOM: blink monster(s)
 44669 | Zot:2    | XOM: blink monster(s)
 44688 | Zot:2    | XOM: blink monster(s)
 44703 | Zot:2    | XOM: summons 9 friendly demons
 44713 | Zot:2    | XOM: smoke on damage
 44750 | Zot:2    | XOM: polymorph green draconian monk -> golden dragon
 44759 | Zot:2    | XOM: enchant monster (bad)
 44978 | Zot:2    | Reached skill level 22 in Shields
 45388 | Zot:1    | XOM: cast spell 'Summon Mana Viper'
 45510 | Depths:1 | XOM: torment (124/245 hp)
 45579 | D:13     | XOM: give mutations
 45579 | D:13     | Lost mutation: You have supernaturally acute eyesight.
                  | (SInv) [Xom's mischief]
 45579 | D:13     | Lost mutation: You have a pair of small antennae on your
                  | head. [Xom's mischief]
 45711 | Orc:2    | Bought a wand of digging (11) for 693 gold pieces
 46026 | Zot:1    | XOM: give mutation
 46026 | Zot:1    | Lost mutation: Your muscles are strong. (Str +4, Int/Dex
                  | -1) [Xom's mischief]
 46109 | Zot:3    | XOM: noise
 46116 | Zot:3    | XOM: enchant monster (bad)
 46134 | Zot:3    | XOM: 1-stop teleportation journey
 46138 | Zot:3    | Noticed Vv
 46142 | Zot:3    | XOM: 1-stop teleportation journey
 46155 | Zot:3    | XOM: noise
 46156 | Zot:3    | XOM: 1-stop teleportation journey
 46164 | Zot:3    | XOM: blink monster(s)
 46256 | Zot:3    | XOM: summons 1 hostile shadow creature
 46257 | Zot:3    | Noticed a Killer Klown
 46299 | Zot:2    | Killed a Killer Klown
 46401 | Zot:3    | Noticed a Killer Klown
 46404 | Zot:3    | XOM: enchant monster (good)
 46405 | Zot:3    | Reached skill level 23 in Shields
 46408 | Zot:3    | XOM: 8-stop teleportation journey
 46426 | Zot:3    | XOM: 1-stop teleportation journey
 46466 | Zot:3    | XOM: enchant monster (good)
 46471 | Zot:3    | XOM: summons 10 friendly demons
 46504 | Zot:3    | Killed Vv
 46656 | Zot:3    | XOM: divination: detect items
 46936 | Zot:3    | Killed a Killer Klown
 47192 | Zot:4    | XOM: confuse monster(s)
 47276 | Zot:4    | XOM: god gift: scroll of vulnerability
 47301 | Zot:4    | XOM: god gift: runed scale mail {god gift}
 47311 | Zot:4    | XOM: silly message
 47514 | Zot:4    | Reached skill level 24 in Shields
 47715 | Zot:4    | XOM: enchant monster (bad)
 47738 | Zot:4    | XOM: god gift: giant club {god gift}
 47765 | Zot:4    | XOM: confuse monster(s)
 48178 | Zot:1    | XOM: summons 4 friendly demons
 48179 | Zot:1    | XOM: confusion (+ monsters)
 48180 | Zot:1    | XOM: chaos upgrade
 48411 | Zot:1    | XOM: polymorph golden dragon -> dire elephant
 48469 | Zot:1    | Reached skill level 25 in Shields
 48504 | Zot:1    | XOM: give mutation
 48504 | Zot:1    | Gained mutation: Your body sometimes deteriorates upon
                  | taking damage. [Xom's mischief]
 48784 | Zot:1    | XOM: potion effect (haste)
 49150 | Zot:5    | Entered Level 5 of the Realm of Zot
 49258 | Zot:5    | Reached XP level 25. HP: 245/253 MP: 23/23
 49323 | Zot:5    | XOM: swap monsters
 49334 | Zot:5    | XOM: smoke on damage
 49727 | Zot:5    | XOM: polymorph tentacled monstrosity -> hellephant
 49735 | Zot:5    | XOM: scenery: create altars
 49743 | Zot:5    | XOM: god gift: 3 darts of dispersal
 49747 | Zot:5    | XOM: cleaving
 49816 | Zot:5    | Reached skill level 26 in Shields
 49895 | Zot:5    | Noticed an orb of fire
 49895 | Zot:5    | Noticed a Killer Klown
 49895 | Zot:5    | Noticed an orb of fire
 49895 | Zot:5    | Noticed an orb of fire
 49895 | Zot:5    | Noticed an orb of fire
 49895 | Zot:5    | Noticed an orb of fire
 49895 | Zot:5    | Noticed an orb of fire
 49895 | Zot:5    | Noticed an orb of fire
 49895 | Zot:5    | Noticed a dread lich
 49895 | Zot:5    | XOM: 4-stop teleportation journey
 49899 | Zot:5    | XOM: give mutations
 49899 | Zot:5    | Gained mutation: You have a pair of small horns on your
                  | head. [Xom's grace]
 49899 | Zot:5    | Gained mutation: You are very agile. (Dex +8, Str/Int -2)
                  | [Xom's grace]
 49922 | Zot:4    | XOM: confuse monster(s)
 49962 | Zot:4    | Identified the +0 pair of boots of Jealousy {-Cast Harm
                  | Dex+3 SInv} (Xom gifted it to you on level 4 of the Realm
                  | of Zot)
 49962 | Zot:4    | XOM: god gift: +0 pair of boots of Jealousy {-Cast Harm
                  | Dex+3 SInv}
 50225 | D:12     | XOM: 1-stop teleportation journey
 50839 | Elf:1    | Entered Level 1 of the Elven Halls
 50845 | Elf:1    | XOM: cast spell 'Alistair's Intoxication'
 50916 | Elf:1    | XOM: confusion (+ monsters)
 50928 | Elf:1    | XOM: cast spell 'Animate Armour'
 50939 | Elf:1    | Noticed Asterion
 50944 | Elf:1    | XOM: enchant monster (bad)
 50951 | Elf:1    | XOM: confuse monster(s)
 50955 | Elf:1    | Killed Asterion
 51026 | Elf:1    | Found a magical portal.
 51060 | WizLab   | Entered Maxwell's Workshop
 51140 | WizLab   | XOM: polymorph salamander -> wolf spider
 51148 | WizLab   | Identified the ring of Ycasogat {Fire Dex+2}
 51176 | WizLab   | XOM: cleaving
 51232 | WizLab   | XOM: swap monsters
 51309 | WizLab   | XOM: give mutation
 51309 | WizLab   | Lost mutation: Your system is resistant to poisons. (rPois)
                  | [Xom's mischief]
 51318 | WizLab   | Reached skill level 27 in Shields
 51399 | WizLab   | XOM: scenery: 3 doors close
 51418 | WizLab   | XOM: silly message
 51473 | WizLab   | Identified the +3 leather armour of Gallantry {Int+3 Dex+3}
 51979 | Elf:1    | XOM: potion effect (brilliance)
 52152 | Elf:1    | XOM: give mutations
 52152 | Elf:1    | Gained mutation: Your natural rate of healing is unusually
                  | fast. [Xom's grace]
 52152 | Elf:1    | Gained mutation: You expend magic power (3 MP) to
                  | strengthen your wands. [Xom's grace]
 52152 | Elf:1    | Gained mutation: Your skin changes colour to match your
                  | surroundings (Stealth+). [Xom's grace]
 52152 | Elf:1    | Gained mutation: You possess an exceptional clarity of
                  | mind. [Xom's grace]
 52252 | D:13     | XOM: give mutations
 52252 | D:13     | Gained mutation: You are strong-willed. (Will+) [Xom's
                  | grace]
 52252 | D:13     | Gained mutation: You passively dampen the noise of your
                  | surroundings. [Xom's grace]
 52273 | D:14     | XOM: give mutations
 52273 | D:14     | Gained mutation: Your mind is acute. (Int +4, Str/Dex -1)
                  | [Xom's grace]
 52273 | D:14     | Gained mutation: Your movements are slightly less
                  | encumbered by armour. (ER -2) [Xom's grace]
 52524 | Zot:5    | XOM: summons 3 friendly demons
 52528 | Zot:5    | Killed an orb of fire
 52529 | Zot:5    | Noticed an orb of fire
 52535 | Zot:5    | XOM: confuse monster(s)
 52537 | Zot:5    | Killed an orb of fire
 52595 | Zot:5    | Killed an orb of fire
 52632 | Zot:5    | Noticed an orb of fire
 52633 | Zot:5    | Noticed an orb of fire
 52637 | Zot:5    | Noticed a Killer Klown
 52639 | Zot:5    | Noticed an orb of fire
 52642 | Zot:5    | Noticed an orb of fire
 52650 | Zot:5    | Killed an orb of fire
 52652 | Zot:5    | Paralysed by a Zot trap for 4 turns
 52663 | Zot:4    | XOM: potion effect (curing)
 52701 | Zot:4    | Killed an orb of fire
 52706 | Zot:4    | XOM: confuse monster(s)
 52858 | Zot:4    | Gained mutation: You are weak. (Str -2) [an orb of fire]
 52864 | Zot:4    | Gained mutation: Your magical capacity is low. (-10% MP)
                  | [an orb of fire]
 52868 | Zot:4    | Gained mutation: Your spells are a little easier to cast,
                  | but a little less powerful. [an orb of fire]
 52869 | Zot:4    | Killed an orb of fire
 53050 | Zot:4    | XOM: god gift: 35 gold pieces
 53305 | Zot:4    | XOM: god gift: mace {god gift}
 53325 | Zot:4    | Killed an orb of fire
 53430 | Zot:5    | Gained mutation: Your spells are easier to cast, but less
                  | powerful. [an orb of fire]
 53439 | Zot:5    | XOM: silly message
 53442 | Zot:5    | Gained mutation: Your magical capacity is very low. (-20%
                  | MP) [an orb of fire]
 53445 | Zot:5    | XOM: silly message
 53454 | Zot:5    | Killed an orb of fire
 53465 | Zot:5    | Killed a Killer Klown
 53469 | Zot:5    | Killed an orb of fire
 53575 | Zot:5    | Killed a dread lich
 53710 | Zot:5    | XOM: divination: magic mapping
 53732 | Zot:5    | Killed an orb of fire
 53846 | Zot:5    | XOM: potion effect (attraction)
 53968 | Zot:5    | XOM: fake destruction
 53978 | Zot:5    | Reached XP level 26. HP: 260/260 MP: 18/18
 53979 | Zot:5    | XOM: silly message
 53985 | Zot:5    | XOM: enchant monster (good)
 54028 | Zot:5    | XOM: silly message
 54039 | Zot:5    | XOM: noise
 54048 | Zot:5    | Lost mutation: You possess an exceptional clarity of mind.
                  | [an orb of fire]
 54214 | Zot:5    | Gained mutation: Potions are less effective at restoring
                  | your health. [an orb of fire]
 54217 | Zot:5    | XOM: noise
 54220 | Zot:5    | Gained mutation: Your magical capacity is extremely low.
                  | (-30% MP) [an orb of fire]
 54223 | Zot:5    | Killed an orb of fire
 54253 | Zot:5    | XOM: butterfly on damage
 54260 | Zot:5    | XOM: silly message
 54323 | Zot:5    | XOM: confuse monster(s)
 54481 | Zot:5    | Killed an orb of fire
 54526 | Zot:5    | XOM: divination: detect creatures
 54533 | Zot:5    | XOM: noise
 54535 | Zot:5    | XOM: noise
 54552 | Zot:5    | Reached skill level 15 in Dodging
 54700 | Zot:5    | Got the Orb of Zot
 54742 | Zot:4    | XOM: fake destruction
 54808 | Zot:1    | XOM: summons friendly iron imp
 54930 | Depths:2 | XOM: fog
 54988 | D:13     | XOM: confusion
 54993 | D:13     | XOM: summons 2 hostile shadow creatures
 55109 | D:7      | Noticed Zameum the pandemonium lord
 55112 | D:7      | XOM: polymorph Zameum -> Zameum
 55122 | D:7      | XOM: stat loss: -1 Dex (18/19)
 55305 | D:1      | gg
 55306 | D:$      | Escaped with the Orb!

Illustrated notes

#####.#####.###...# #.# #.#
........[.....#.### #.# #.#
......#####.#.#.# #.### #.#
###.### #####.# #...# #.# #.#
######♣♣### ###.# #.#
#.###........~# #.# #.#
#.##...♣......## #.# #.#
#..∩...........## #####.###.#
#.##..........@.###.........#
##)#....[........##.###.#####
#.#.....♣.......##.# #.#
#.#............♣##.# #.#
####......[.....##.# #.####
#.∩............#..# #....#
###............#### ####.#
#...........♣..# #.#
######.....⌠......♣# #.#


Turn 55305 on D:1: gg

Levels and vault maps discovered:
D:1:      nzn_arrival_settlement, layout_loops_ring, minmay_fountain_box
D:2:      layout_loops_corners, nicolae_houndstooth_variations,
          uniq_crazy_yiuf_cottage
D:3:      layout_loops_ring
D:4:      layout_layer_cave, kennysheep_potato
D:5:      kennysheep_steamy, layout_loops_ring, uniq_grinder, uniq_ijyb
D:6:      layout_basic, lemuel_round_altar, tso_oasis_becter
D:7:      layout_loops_ring, nicolae_ru_path_of_blood,
          lemuel_coloured_pillars_altar, minmay_temple_entry_purple_smoke,
          dk_noncrumbling_2, chequers_serial_rivers_small_b,
          kennysheep_cross_room, minmay_misc_feat_square, grunt_decor_cap
D:8:      layout_rooms, nicolae_overflow_squiral, nemelex_diamond_rough_becter,
          grunt_temple_overflow_forces_of_nature, minmay_stone_trees_medium,
          supply_closet_lemuel
D:9:      layout_irregular_city, elyvilon_altar_3, erik_lair_orcish_takeover,
          serial_shops, shop, minmay_misc_feat_rows, uniq_erica
D:10:     layout_basic, old_standard_altar, orc_0_dummy
D:11:     layout_rooms, nicolae_fort_ynox
D:12:     layout_stronghold, gammafunk_ghost_hive, serial_glass,
          glass_columns_a, glass_columns_c
D:13:     layout_irregular_city, serial_column_ruins,
          column_ruins_corridor_corner, column_ruins_open_small,
          column_ruins_columns_corner, column_ruins_grid_1,
          column_ruins_open_small_water, biasface_ghost_orc_armoury,
          uniq_erolcha
D:14:     layout_rooms, hellmonk_vaults_attempted_burglary,
          nicolae_uskayaw_dance_hall, serial_shops, shop,
          maelrawn_ghost_gauntlet_escape, roderic_batcave, uniq_roxanne
D:15:     hangedman_depths_entry_civil_slaughter, layout_basic,
          nicolae_qazlal_style_of_elements, st_stairs_1,
          hangedman_abyss_or_decor_lesser_grid
Lair:1:   layout_gridlike, gauntlet_entry_generic,
          cheibrodos_lair_caveside_slide
Lair:2:   layout_cave_pods, elwin_shoals_entry_rooms,
          nicolae_volcano_entry_two_sided, nicolae_lair_lindhole
Lair:3:   layout_loops_ring, nicolae_spider_entry_lesser_pyramids
Lair:4:   layout_cave_pods, chequers_serial_rivers_small_a, beast_lair_carwin_7,
          serial_bayou_shore_a
Lair:5:   hellmonk_lair_end_abyssal_woods, layout_small_grid,
          minmay_slime_entry_oklob_open, uniq_kirke
Shoals:1: layout_shoals, ebering_ghost_reflecting_pool, uniq_donald
Shoals:2: layout_shoals, gammafunk_ghost_arena, serial_shops,
          nicolae_book_shop_shelving, nicolae_shop_hallway_plus,
          nicolae_shop_stone, nicolae_take_the_stairs, uniq_ilsuiw
Shoals:3: layout_shoals
Shoals:4: shoals_end_simple, layout_shoals, nicolae_shoals_kraken_intersection
Spider:1: layout_spider_delve, nicolae_spider_orb_run
Spider:2: layout_spider_delve
Spider:3: layout_chambers
Spider:4: floodkiller_spider_rune_tomb, guppyfry_spider_mini_1
Orc:1:    layout_caves, serial_shops, shop, ebering_ghost_gozag
Orc:2:    grunt_orc_gardens, layout_caves, grunt_orc_garden, grunt_orc_garden,
          grunt_orc_garden, grunt_orc_garden, nicolae_shop_overcharged_wands
Elf:1:    minmay_elf_arrival_plus, layout_loops_cross,
          infiniplex_enter_wizlab_glasses, evilmike_minifort, uniq_asterion
Vaults:1: nicolae_vaults_closet_pinwheel_3, v_misc_30, v_misc_26,
          nicolae_vaults_wine_cellar, v_misc_2, grunt_vaults_focal,
          nicolae_vaults_angled_halls, nicolae_vaults_closet_pinwheel_4,
          layout_vaults_chaotic_city
Vaults:2: v_misc_27, minmay_crypt_entry_simple_corners, vaults_room_semicircle,
          nicolae_vaults_meiosis, vaults_mumra_chevron,
          nicolae_vaults_weapon_check, nicolae_vaults_diamond_1,
          vaults_room_pool, hangedman_vaults_stagger, nicolae_vaults_asterisk,
          nicolae_vaults_taking_the_gang_shopping, nicolae_vaults_stepped_doors,
          layout_vaults_quadrants
Vaults:3: nicolae_vaults_enemy_cabinets, v_misc_30, v_misc_16,
          nicolae_vaults_trapezoid_1, nicolae_vaults_border_crossing,
          nicolae_vaults_more_shelving_1, v_misc_10, v_misc_33,
          nicolae_vaults_tetromino_T_2, nicolae_vaults_prndl,
          nicolae_vaults_little_squares_4, nicolae_vaults_network_quinsquares
          [nicolae_vaults_network_quincunx_subvault,
          nicolae_vaults_network_quincunx_subvault,
          nicolae_vaults_network_quincunx_subvault,
          nicolae_vaults_network_quincunx_subvault], vaults_dpeg_ring,
          vaults_room_door_ring, ontoclasm_vaults_decontamination,
          layout_vaults_omnicross
Vaults:4: vaults_room_ringed_pool, v_misc_11, nicolae_vaults_house_2,
          nicolae_vaults_hallways_thing, v_misc_16,
          nicolae_vaults_closet_pinwheel_3, nicolae_vaults_tetromino_Z_1,
          vaults_room_pools, v_misc_8, nicolae_vaults_windows_and_doors_thing,
          nicolae_vaults_offset_grid_hallway_1,
          nicolae_vaults_closet_pinwheel_6, vaults_room_pools,
          nicolae_vaults_spaceships, nicolae_vaults_oval_intersection, st_cross,
          layout_vaults_maze, serial_shops, nicolae_shop_behind_doors
Vaults:5
Depths:1: layout_gridlike, minmay_misc_feat_five, hellmouth_3,
          kennysheep_diamond, guppyfry_shop_earth
Depths:2: hangedman_hanging_gardens, layout_cave_shapes, serial_shops, shop,
          hell_entry, pan_entry, serial_sigils, serial_sigils_hangedman_etch,
          serial_sigils_hangedman_shear, serial_sigils_hangedman_stare,
          serial_sigils_hangedman_leer
Depths:3: nicolae_BIG_FREAKIN_CUBE, layout_gridville, enter_ziggurat_b,
          pf_vacation_house_of_asmodeus, abyss_entry_crystal,
          hangedman_decor_clover_reticule
Depths:4: grunt_zot_entry_funnels, layout_long_grid, gammafunk_ghost_necromancy,
          nicolae_hell_entry_big_baal_hell, hangedman_decor_diamond_cutter,
          xom_confusion_cloud, uniq_jory, uniq_grunn
Zot:1:    layout_basic
Zot:2:    lemuel_draconian_sentries, layout_concentric_octagons,
          grunt_megastairs_2
Zot:3:    layout_concentric_octagons, uniq_vv
Zot:4:    layout_gridlike
Zot:5:    layout_misc_corridors, skrybe_zot_glass_1

Skill      XL: |  1  2  3  4  5  6  7  8  9 10 11 12 13 14 15 16 17 18 19 20 21 22 23 24 25 26 |
---------------+-------------------------------------------------------------------------------+-----
Axes           | 4 6 8 10 12 15 16 17 | 17.6
Fighting       | 4 5 6 7 9 10 12 14 16 19 20 22 23 24 25 26 | 26.0
Armour         | 3 4 5 6 7 8 10 11 14 16 18 19 21 22 23 | 23.4
Maces & Flails | 2 3 6 |  6.0
Evocations     | 2 8 9 12 15 | 15.1
Shields        | 5 7 12 15 17 18 21 25 27 | 27.0
Dodging        | 8 10 11 13 15 | 15.0

Action                     |  1- 3 |  4- 6 |  7- 9 | 10-12 | 13-15 | 16-18 | 19-21 | 22-24 | 25-27 || total
---------------------------+-------+-------+-------+-------+-------+-------+-------+-------+-------++-------
  Melee: Hand axe          |   109 |     6 |       |       |       |       |       |       |       ||   115
         Mace              |       |   108 |   286 |    50 |       |       |       |       |       ||   444
         War axe           |       |       |       |   402 |    31 |       |       |       |       ||   433
         Demon whip        |       |       |       |       |  1692 |       |       |       |       ||  1692
         Broad axe         |       |       |       |       |   113 |  1785 |  1862 |  2044 |  1018 ||  6822
         Unarmed           |       |       |       |       |       |       |     3 |       |       ||     3
         Headbutt          |       |       |       |       |       |       |       |       |   287 ||   287
  Evoke: Wand              |       |       |       |     3 |     2 |     3 |     4 |    10 |    16 ||    38
         Tin of tremorston |       |       |       |       |     3 |       |       |     3 |     2 ||     8
         Box of beasts     |       |       |       |       |       |       |       |       |     1 ||     1
    Use: Scroll            |       |     6 |     7 |     5 |    14 |     8 |    13 |    14 |    25 ||    92
         Potion            |       |       |     1 |     3 |     2 |     5 |     8 |    21 |    19 ||    59
   Stab: Sleeping          |       |       |     1 |     1 |     1 |     1 |       |       |       ||     4
         Paralysed         |       |       |       |     2 |     4 |     1 |    10 |       |     3 ||    20
         Confused          |       |       |       |     5 |    12 |       |    25 |    23 |    11 ||    76
         Petrified         |       |       |       |       |     9 |       |     7 |       |     4 ||    20
         Invisible         |       |       |       |       |     3 |     6 |       |    19 |       ||    28
         Distracted        |       |       |       |       |     1 |     8 |     1 |     3 |     7 ||    20
         Held in net/web   |       |       |       |       |       |     1 |       |       |       ||     1
         Petrifying        |       |       |       |       |       |     1 |     1 |     4 |     1 ||     7
 Armour: Leather armour    |    58 |    68 |       |       |       |       |       |       |       ||   126
         Chain mail        |       |    19 |   275 |    70 |       |       |       |       |       ||   364
         Plate armour      |       |       |       |   345 |   929 |  1193 |  1501 |   129 |       ||  4097
         Skin              |       |       |       |       |       |       |     2 |       |       ||     2
         Gold dragon scale |       |       |       |       |       |       |       |  1247 |   452 ||  1699
  Dodge: Dodged            |    84 |    53 |   101 |   223 |   827 |  1298 |   848 |   704 |   311 ||  4449
  Block: Other             |       |     5 |    33 |       |       |       |       |       |       ||    38
         Buckler           |       |       |       |       |   279 |   566 |   176 |       |       ||  1021
         Tower shield      |       |       |       |       |       |       |  1206 |  2228 |  1033 ||  4467

Table legend: (Time is in decaauts)
 A = Elapsed time spent in this place.
 B = Non-inter-level travel time spent in this place.
 C = Inter-level travel time spent in this place.
 D = Time resting spent in this place.
 E = Time spent auto-exploring this place.
 F = Levels seen in this place.
 G = Mean time per level.
                   A        B        C        D        E       F      G
               +--------+--------+--------+--------+--------+-----+--------+
         Total |  53300 |  46646 |   6654 |   3677 |  28264 |  48 | 1110.4 |
       Dungeon |  15005 |  12411 |   2594 |    599 |   8972 |  15 | 1000.3 |
          Lair |   5900 |   5240 |    660 |    219 |   3572 |   5 | 1180.0 |
        Shoals |   3402 |   3240 |    162 |    261 |   1877 |   4 |  850.5 |
   Spider Nest |   4023 |   3805 |    218 |    355 |   2096 |   4 | 1005.8 |
  Orcish Mines |   1951 |   1594 |    357 |    306 |    846 |   2 |  975.5 |
   Elven Halls |    724 |    687 |     37 |      0 |    423 |   1 |  724.0 |
        Vaults |   7683 |   6851 |    832 |    329 |   4405 |   5 | 1536.6 |
        Depths |   5840 |   4829 |   1011 |    575 |   2428 |   4 | 1460.0 |
           Zot |   7574 |   6795 |    779 |   1029 |   3114 |   5 | 1514.8 |
       Volcano |    194 |    194 |      0 |      0 |     21 |   1 |  194.0 |
        Wizlab |    499 |    499 |      0 |      0 |    210 |   1 |  499.0 |
      Gauntlet |    499 |    499 |      0 |      0 |    298 |   1 |  499.0 |
               +--------+--------+--------+--------+--------+-----+--------+

Top non-repeatable levels by time:
   Zot:4: 2385 daAuts
  Lair:5: 1710 daAuts
Depths:4: 1687 daAuts
Depths:1: 1677 daAuts
Vaults:5: 1625 daAuts
Vaults:1: 1601 daAuts
   Zot:5: 1577 daAuts
Vaults:2: 1505 daAuts
Spider:4: 1503 daAuts
Vaults:4: 1492 daAuts
     D:4: 1481 daAuts
Vaults:3: 1458 daAuts
   Zot:2: 1416 daAuts
   Zot:1: 1378 daAuts
Spider:3: 1370 daAuts
